 Dungeon Crawl Stone Soup version 0.31-a0-182-gc5ef74bbde (webtiles) character file.

Game seed: 8408233979492284385

180226 qw the Severer (level 18, -24/116 HPs)
             Began as a Gargoyle Fighter on June 21, 2023.
             Was an Elder of Okawaru.
             Killed from afar by Nikola (49 damage)
             ... with an arc of chain lightning
             ... on level 3 of the Spider Nest.
             The game lasted 00:23:30 (29817 turns).

qw the Severer (Gargoyle Fighter)                  Turns: 29817, Time: 00:23:31

Health: -24/116    AC: 50    Str: 25    XL:     18   Next: 26%
Magic:  16/25      EV: 16    Int: 12    God:    Okawaru [****..]
Gold:   1646       SH: 27    Dex: 12    Spells: 17/17 levels left

rFire   + . .        n - +5 broad axe "Peuj" {vamp, Will+}
rCold   + . .        B - +0 tower shield
rNeg    + + +        f - +6 plate armour {rF+}
rPois   inf          p - +2 helmet
rElec   +            c - +0 cloak "Ysosy" {+Inv rN+ Will+ Stlth+}
rCorr   .            H - +0 pair of gloves
SInv    .            N - +3 pair of mountain boots {steadfast, rC+}
Will    ++++.        E - amulet of reflection Stlth
                     I - +5 ring of evasion
HPRegen 0.39/turn    o - ring "Latarrus" {rPois rN+ Will+ Dex+3 Slay+3}
MPRegen 0.19/turn

%: reflection
@: about to teleport, heroic, flying
A: sickness immunity, AC +13, big wings, negative energy resistance 1,
electricity resistance, torment resistance 1, petrification resistance
a: Renounce Religion, Evoke Invisibility, Heroism, Finesse


You were on level 3 of the Spider Nest.
You worshipped Okawaru.
Okawaru was greatly pleased with you.
You visited 6 branches of the dungeon, and saw 29 of its levels.

You collected 3085 gold pieces.
You spent 1439 gold pieces at shops.


Innate Abilities, Weirdness & Mutations

You are immune to sickness and miasma.
Your stone body is resilient. (AC +13)
You are immune to poison.
Your large and strong wings let you fly.
You resist negative energy. (rN+)
You are resistant to electric shocks. (rElec)
You are resistant to unholy torment.
You are immune to petrification.


   Skills:
 - Level 14.0(19.0) Fighting
 - Level 18.0(23.0) Axes
 - Level 7.0(12.0) Throwing
 - Level 13.0(18.0) Armour
 - Level 4.1(9.1) Dodging
 + Level 17.9(22.9) Shields
 - Level 10.0 Invocations


You had 17 spell levels left.
You didn't know any spells.
Your spell library was empty.

Inventory:

Hand Weapons
 n - the +5 broad axe "Peuj" (weapon) {vamp, Will+}
   (You acquired it on level 9 of the Dungeon)

   Will:      It increases your willpower.
 u - a +0 broad axe
Missiles
 m - 15 boomerangs
 G - a silver boomerang (quivered)
Armour
 c - the +0 cloak "Ysosy" (worn) {+Inv rN+ Will+ Stlth+}
   (You found it on level 3 of the Swamp)

   rN:        It protects you from negative energy.
   +Inv:      It lets you turn invisible.
   Will:      It increases your willpower.
   Stlth:     It makes you more stealthy.
 f - a +6 plate armour of fire resistance (worn)
 p - a +2 helmet (worn)
 B - a +0 tower shield (worn)
 H - a +0 pair of gloves (worn)
 M - a +1 cloak
 N - the +3 pair of mountain boots (worn) {steadfast, rC+}
   (You bought it in a shop on level 2 of the Orcish Mines)

   Steadfast: It prevents involuntary movement, except for blinking,
   teleportation, or banishment.
   rC:        It protects you from cold.
Jewellery
 g - a ring of protection from fire
 o - the ring "Latarrus" (right hand) {rPois rN+ Will+ Dex+3 Slay+3}
   (You found it on level 4 of the Dungeon)

   [ring of poison resistance]

   Dex:       It affects your dexterity (+3).
   Slay:      It affects your accuracy & damage with ranged weapons and melee
   (+3).
   rPois:     It protects you from poison.
   rN:        It protects you from negative energy.
   Will:      It increases your willpower.
 t - a ring of ice
 v - a ring of resist corrosion
 x - a ring of fire
 E - an amulet of reflection (around neck)
 I - a +5 ring of evasion (left hand)
 J - a +4 ring of protection
 O - a ring of protection from cold
Wands
 i - a wand of digging (8)
Scrolls
 a - 6 scrolls of enchant weapon
 h - 13 scrolls of identify
 r - a scroll of teleportation
 y - 3 scrolls of brand weapon
Potions
 b - 12 potions of curing
 d - 3 potions of might
 e - 7 potions of haste
 j - 6 potions of heal wounds
 k - 3 potions of enlightenment
 l - 2 potions of resistance
 q - 5 potions of mutation
 s - 4 potions of lignification
 z - 4 potions of magic
 C - 2 potions of attraction
 D - a potion of cancellation

Dungeon Overview and Level Annotations

Branches:
Dungeon (15/15)            Temple (1/1) D:4            Lair (5/5) D:11
  Swamp (3/4) Lair:2       Spider (3/4) Lair:2        Slime (0/5) Lair:5
    Orc (2/2) D:11            Elf (0/3) Orc:2        Vaults (0/5) D:13
 Depths (0/4) D:15

Altars:
Ashenzari
Cheibriados
Dithmenos
Elyvilon
Fedhas
Gozag
Hepliaklqana
Kikubaaqudgha
Makhleb
Nemelex Xobeh
Okawaru
Qazlal
Ru
Sif Muna
Trog
Uskayaw
Vehumet
Wu Jian
Xom
Yredelemnul
Zin
The Shining One
Jiyva

Shops:
D:7 =   D:11 (   D:12 :   D:13 (   Orc:2 *[=:

Portals:
Trove: D:14 (give +3 ice dragon scales)

Annotations:
D:1 exclusion: worm
D:6 1 runed translucent door, qw's ghost, novice GrHu
D:12 2 transporters, Uwkeq's ghost, journeyman MiFi
D:13 2 transporters, 00Nightcrawler's ghost, journeyman VSTm; qdestroyer's ghost, journeyman MiFi
Lair:1 2 transporters
Lair:3 3 runed translucent doors, qw's ghost, journeyman GrFi
Swamp:1 1 runed translucent door, qw's ghost, adept GrFi
Swamp:2 1 runed translucent door, qw's ghost, adept GrFi
Spider:1 3 runed translucent doors, qw's ghost, adept GrFi
Spider:3 Nikola


Message History

You feel like a meek peon again.
Enter note:
Enter note:
Enter note:
Enter note:
Enter note:
Enter note: You start resting.
Nikola is nearby!
29803 ||| Stepping ~*~*~tactically~*~*~ (hiding).
You start resting.
Nikola is nearby!
29808 ||| INVOKING Heroism.
You gain the combat prowess of a mighty hero.
Nikola casts a spell.
Nikola blinks!
You start resting.
Nikola is nearby!
29811 ||| Stepping ~*~*~tactically~*~*~ (hiding).
Nikola gestures wildly while chanting.
Nikola blinks!
Nikola hits you but does no damage.
You slice Nikola!!
You feel better.
Nikola is almost dead.
Nikola mumbles some strange words.
Lightning arcs from Nikola's hands!
The bolt of lightning hits you!!! You resist.
Ouch! That really hurt!
A bolt of lightning appears from out of thin air!
The bolt of lightning hits Nikola!
29816 ||| READING 2 scrolls of teleportation.
As you read the scroll of teleportation, it crumbles to dust.
You feel strangely unstable. You block Nikola's attack.
29817 ||| DRINKING 7 potions of heal wounds.
You feel much better.
Nikola mumbles some strange words.
Lightning arcs from Nikola's hands!
The bolt of lightning hits you!!! You resist.
You die...

## ##### #.# . ##@#.# .....
#..@.##$.... #.......# ..
##. ####....### ./ ###..
..#.##.#..###
.#...########.#..#..#^#####
....#.#^# #...^.#.....##.#
.:.#...# #...).#...###...
####...^ ##.......##......
###
#.#...#####%#.##@...%@(..##


You could see Nikola.

Vanquished Creatures
  Jorgrun (D:12)
  A tentacled monstrosity (Swamp:1)
  3 thorn hunters
  Gastronok (Orc:1)
  Louise (Spider:3)
  2 ghost moths (Spider:3)
  3 broodmothers
  Nessos (Lair:3)
  Azrael (Orc:2)
  2 eleionomae
  2 bunyips (Swamp:2)
  2 spark wasps (Spider:1)
  7 entropy weavers
  A great orb of eyes (D:15)
  A rakshasa (D:15)
  4 ogre magi
  10 hydras
  Harold (D:11)
  A ghost crab (Swamp:3)
  Erica (Orc:1)
  A merfolk avatar (Lair:5)
  8 boulder beetles
  3 jorogumos
  21 two-headed ogres
  2 death knights
  10 alligators
  3 catoblepae
  4 centaur warriors
  A tengu warrior (D:15)
  Urug (D:12)
  Sonja (D:10)
  3 demonic crawlers
  A skyshark (Lair:4)
  2 sun moths (Spider:2)
  A bunyip zombie (Swamp:1)
  10 skeletal warriors
  4 goliath frogs
  A pharaoh ant (Spider:3)
  4 spriggan druids
  A fire crab (Lair:5)
  A sea snake (Lair:5)
  2 deep trolls (Orc:2)
  Lodul (D:13)
  7 orb spiders
  2 bog bodies
  4 orc knights
  3 swamp dragons (Swamp:1)
  A lindwurm (Lair:1)
  5 steelbarb worms
  A harpy (D:14)
  9 cyclopes
  A deep elf pyromancer (D:12)
  A necromancer (Swamp:1)
  14 wolf spiders
  9 ugly things
  An orc sorcerer (Orc:2)
  2 moths of wrath (Spider:3)
  9 manticores
  4 will-o-the-wisps
  An elephant (Lair:4)
  A black mamba (Lair:5)
  3 torpor snails
  12 cane toads
  An efreet (D:15)
  6 rime drakes
  Psyche (D:10)
  2 gargoyles (D:12)
  A rime drake (shapeshifter) (D:13)
  A komodo dragon (shapeshifter) (D:14)
  12 komodo dragons
  2 freezing wraiths (D:15)
  A bunyip simulacrum (Swamp:1)
  A hydra zombie (Swamp:1)
  A queen bee (D:14)
  A bloated husk (Swamp:2)
  3 polar bears
  6 meliai
  17 tarantellas
  11 tyrant leeches
  6 hornets
  Prince Ribbit (D:8)
  13 trolls
  13 blink frogs
  Grinder (D:3)
  2 alligator zombies (Swamp:1)
  A snapping turtle (Lair:5)
  19 dream sheep
  12 slime creatures
  12 jumping spiders
  3 shadows
  2 wyverns
  5 spriggans
  13 culicivoras
  A culicivora (shapeshifter) (D:15)
  4 vampires
  3 wraiths
  5 fire elementals (Orc:2)
  16 humans
  8 basilisks
  51 yaks
  A water elemental (D:13)
  48 redbacks
  3 steam dragons
  7 swamp worms
  8 wargs
  An acid dragon (D:9)
  15 vampire mosquitoes
  11 water moccasins
  2 swamp drakes (Swamp:2)
  A hell hound (Orc:2)
  An ice beast (D:6)
  3 black bears
  14 orc warriors
  6 wolves
  A boggart (D:14)
  9 centaurs
  32 ogres
  2 phantoms
  4 kobold brigands
  15 bullfrogs
  4 gnoll sergeants
  3 scorpions (D:5)
  5 wights (D:6)
  36 killer bees
  6 howler monkeys
  3 gnoll boudas
  10 orc priests
  7 hounds
  Jessica (D:2)
  6 iguanas
  14 orc wizards
  A mummy (D:15)
  18 gnolls
  11 adders
  3 white imps
  An ufetubus (D:5)
  A worm (D:2)
  A dart slug (D:1)
  63 orcs
  8 ball pythons
  2 bat zombies (D:9)
  14 endoplasms
  3 giant cockroaches
  2 goblins
  11 hobgoblins
  A quokka (D:5)
  5 bats
  15 frilled lizards
  40 kobolds
  3 rats
  A rat zombie (D:9)
963 creatures vanquished.

Vanquished Creatures (others)
  A bloated husk (Swamp:1)
  A centaur simulacrum (D:13)
  A redback (Spider:3)
  A vampire mosquito (Swamp:2)
  34 foxfires
38 creatures vanquished.

Grand Total: 1001 creatures vanquished

Notes
Turn   | Place    | Note
-------+----------+-------------------------------------------
     0 | D:1      | qw the Gargoyle Fighter began the quest for the Orb.
     0 | D:1      | Reached XP level 1. HP: 14/14 MP: 1/1
     0 | D:1      | 0 ||| qw: Version: 0.3-a-9-g12657ce
     0 | D:1      | 0 ||| qw: Game counter: 1586
     0 | D:1      | 0 ||| qw: Always use a shield: true
     0 | D:1      | 0 ||| qw: God list: Okawaru
     0 | D:1      | 0 ||| qw: Allow faded altars: false
     0 | D:1      | 0 ||| qw: Do Orc after D:15 true
     0 | D:1      | 0 ||| qw: Do second Lair branch before Depths: true
     0 | D:1      | 0 ||| qw: Lair rune preference: random
     0 | D:1      | 0 ||| qw: Plans: Normal, Zot:1-4, Slime:5, God:TSO, Crypt,
                  | Tomb, Abyss, Pan, Hells, Win
     0 | D:1      | 0 ||| PLANNING D:1-11
    36 | D:1      | Reached skill level 2 in Axes
   143 | D:1      | Reached XP level 2. HP: 19/19 MP: 2/2
   333 | D:1      | 333 ||| Stepping ~*~*~tactically~*~*~ (hiding).
   455 | D:1      | Reached skill level 3 in Axes
   493 | D:1      | 493 ||| DROPPING +0 club.
   494 | D:1      | 494 ||| READING scroll labelled IDIZUL VEUTU.
   496 | D:1      | 496 ||| Stepping ~*~*~tactically~*~*~ (hiding).
   505 | D:1      | Reached XP level 3. HP: 23/23 MP: 3/3
   856 | D:1      | 856 ||| Stepping ~*~*~tactically~*~*~ (hiding).
   857 | D:1      | 857 ||| Stepping ~*~*~tactically~*~*~ (hiding).
  1064 | D:1      | 1064 ||| UPGRADING to +0 chain mail.
  1074 | D:1      | 1074 ||| DROPPING +0 scale mail.
  1079 | D:1      | 1079 ||| READING 2 scrolls labelled XONIGGO MOONWU.
  1130 | D:1      | 1130 ||| Stepping ~*~*~tactically~*~*~ (stealth).
  1220 | D:2      | 1220 ||| FLEEEEING.
  1221 | D:2      | 1221 ||| FLEEEEING.
  1222 | D:2      | 1222 ||| STAIRDANCE
  1243 | D:1      | 1243 ||| DRINKING 2 fuming black potions.
  1260 | D:2      | 1260 ||| STAIRDANCE
  1306 | D:2      | Reached XP level 4. HP: 28/28 MP: 4/4
  1314 | D:2      | Found a faded altar of an unknown god.
  1333 | D:2      | Reached skill level 4 in Axes
  1488 | D:2      | 1488 ||| Stepping ~*~*~tactically~*~*~ (stealth).
  1641 | D:2      | Noticed Jessica
  1642 | D:2      | 1642 ||| Stepping ~*~*~tactically~*~*~ (hiding).
  1648 | D:2      | Killed Jessica
  1649 | D:2      | Reached XP level 5. HP: 22/32 MP: 5/5
  1933 | D:2      | 1933 ||| UPGRADING to ring of protection from fire.
  1934 | D:2      | 1934 ||| READING 2 scrolls labelled CUUPHUXZYT.
  2408 | D:3      | Noticed Grinder
  2409 | D:3      | 2409 ||| Stepping ~*~*~tactically~*~*~ (hiding).
  2423 | D:3      | Killed Grinder
  2424 | D:3      | Reached skill level 6 in Axes
  2424 | D:3      | Reached XP level 6. HP: 30/37 MP: 6/6
  2711 | D:3      | 2711 ||| UPGRADING to +0 pair of boots.
  2716 | D:3      | 2716 ||| READING scroll labelled IFOZXA SIUPIC.
  2717 | D:3      | 2717 ||| READING 3 scrolls of identify.
  2717 | D:3      | 2717 ||| IDENTIFYING bubbling clear potion
  2718 | D:3      | 2718 ||| READING 2 scrolls of identify.
  2718 | D:3      | 2718 ||| IDENTIFYING metallic white potion
  2803 | D:4      | Identified the ring "Latarrus" {rPois rN+ Will+ Dex+3
                  | Slay+3}
  2828 | D:4      | 2828 ||| FLEEEEING.
  2829 | D:4      | 2829 ||| FLEEEEING.
  2830 | D:4      | 2830 ||| FLEEEEING.
  2911 | D:4      | 2911 ||| DROPPING +0 mace.
  2945 | D:4      | 2945 ||| Stepping ~*~*~tactically~*~*~ (stealth).
  2974 | D:4      | Reached skill level 1 in Dodging
  2974 | D:4      | Reached XP level 7. HP: 43/43 MP: 7/7
  2980 | D:4      | Found a snail-covered altar of Cheibriados.
  3047 | D:4      | 3047 ||| Stepping ~*~*~tactically~*~*~ (hiding).
  3049 | D:4      | 3049 ||| Stepping ~*~*~tactically~*~*~ (hiding).
  3404 | D:4      | Found a staircase to the Ecumenical Temple.
  3405 | D:4      | 3405 ||| PLANNING TEMPLE
  3405 | D:4      | 3405 ||| UPGRADING to ring "Latarrus" {rPois rN+ Will+
                  | Dex+3 Slay+3}.
  3406 | D:4      | 3406 ||| UPGRADING to ring of see invisible.
  3408 | D:4      | 3408 ||| READING scroll labelled UROUPLU ELUL.
  3409 | D:4      | 3409 ||| READING 2 scrolls of identify.
  3409 | D:4      | 3409 ||| IDENTIFYING glowing orange potion
  3416 | Temple   | Entered the Ecumenical Temple
  3569 | Temple   | 3569 ||| PLANNING D:1-11
  3617 | D:4      | Found an ornate altar of the Wu Jian Council.
  3857 | D:4      | 3857 ||| READING scroll labelled MUK XASUOFA.
  3973 | D:5      | Entered Level 5 of the Dungeon
  4049 | D:5      | Reached skill level 7 in Axes
  4072 | D:5      | Found a shadowy altar of Dithmenos.
  4510 | D:5      | 4510 ||| Stepping ~*~*~tactically~*~*~ (stealth).
  4524 | D:5      | Reached XP level 8. HP: 48/49 MP: 8/8
  4717 | D:5      | 4717 ||| UPGRADING to +2 helmet.
  4722 | D:5      | 4722 ||| READING scroll labelled MESU WUNKIRPHAU.
  4723 | D:5      | 4723 ||| READING scroll labelled JUCERU WENINOL.
  4724 | D:5      | 4724 ||| READING 2 scrolls of identify.
  4724 | D:5      | 4724 ||| IDENTIFYING sedimented cyan potion
  4725 | D:5      | 4725 ||| DROPPING potion of degeneration.
  4787 | D:6      | Reached skill level 1 in Throwing
  4797 | D:6      | 4797 ||| Stepping ~*~*~tactically~*~*~ (stealth).
  4805 | D:6      | Reached skill level 8 in Axes
  4984 | D:6      | Found a hazy altar of Hepliaklqana.
  5027 | D:6      | 5027 ||| Stepping ~*~*~tactically~*~*~ (hiding).
  5034 | D:6      | Reached skill level 6 in Fighting
  5345 | D:6      | Found a runed translucent door.
  5345 | D:6      | Noticed a yak
  5345 | D:6      | Noticed qw's ghost (novice GrHu)
  5467 | D:6      | HP: 8/51 [steam dragon/ball of steam (7)]
  5468 | D:6      | 5468 ||| READING 3 scrolls of teleportation.
  5469 | D:6      | 5469 ||| DRINKING 2 potions of heal wounds.
  5619 | D:6      | Reached XP level 9. HP: 52/55 MP: 9/9
  5631 | D:6      | Found a basalt altar of Yredelemnul.
  5841 | D:6      | 5841 ||| Stepping ~*~*~tactically~*~*~ (hiding).
  5842 | D:6      | 5842 ||| Stepping ~*~*~tactically~*~*~ (hiding).
  6287 | D:6      | 6287 ||| READING 2 scrolls of identify.
  6287 | D:6      | 6287 ||| IDENTIFYING metallic coppery potion
  6318 | D:7      | Reached skill level 9 in Axes
  6619 | D:7      | Found Cubah's Jewellery Shop.
  6628 | D:7      | 6628 ||| SHOPLISTING amulet of faith (480 gold, have 376).
  6628 | D:7      | 6628 ||| SHOPLISTING brooch of Shielding {Spirit SH+8} (780
                  | gold, have 376).
  6628 | D:7      | 6628 ||| SHOPLISTING ring "Jeaxkube" {Fire Drain rN++ SInv}
                  | (493 gold, have 376).
  6628 | D:7      | 6628 ||| SHOPLISTING ring of Autumn {EV+5 Dex+3} (591 gold,
                  | have 376).
  6628 | D:7      | 6628 ||| BUYING ring of ice (300 gold).
  6628 | D:7      | Bought a ring of ice for 300 gold pieces
  6628 | D:7      | 6628 ||| SHOPLISTING ring of ice (300 gold, have 76).
  6636 | D:7      | 6636 ||| Stepping ~*~*~tactically~*~*~ (hiding).
  6638 | D:7      | 6638 ||| Stepping ~*~*~tactically~*~*~ (hiding).
  6639 | D:7      | 6639 ||| Stepping ~*~*~tactically~*~*~ (hiding).
  6640 | D:7      | 6640 ||| Stepping ~*~*~tactically~*~*~ (hiding).
  6837 | D:7      | Found a white marble altar of Elyvilon.
  6838 | D:7      | Found a glowing golden altar of the Shining One.
  6839 | D:7      | Found a glowing silver altar of Zin.
  6844 | D:7      | Found an iron altar of Okawaru.
  6845 | D:7      | 6845 ||| PLANNING OKAWARU WORSHIP
  6855 | D:7      | Became a worshipper of Warmaster Okawaru
  6856 | D:7      | 6856 ||| PLANNING D:1-11
  6890 | D:7      | 6890 ||| Stepping ~*~*~tactically~*~*~ (stealth).
  6895 | D:7      | 6895 ||| Stepping ~*~*~tactically~*~*~ (stealth).
  6906 | D:7      | 6906 ||| Stepping ~*~*~tactically~*~*~ (hiding).
  6913 | D:7      | 6913 ||| Stepping ~*~*~tactically~*~*~ (hiding).
  6939 | D:7      | Reached * piety under Okawaru
  7085 | D:7      | 7085 ||| Stepping ~*~*~tactically~*~*~ (hiding).
  7091 | D:7      | Reached skill level 1 in Invocations
  7173 | D:7      | 7173 ||| Stepping ~*~*~tactically~*~*~ (hiding).
  7174 | D:7      | 7174 ||| Stepping ~*~*~tactically~*~*~ (hiding).
  7175 | D:7      | 7175 ||| Stepping ~*~*~tactically~*~*~ (hiding).
  7277 | D:7      | 7277 ||| INVOKING Heroism.
  7297 | D:7      | 7297 ||| FLEEEEING.
  7298 | D:7      | 7298 ||| FLEEEEING.
  7300 | D:7      | 7300 ||| FLEEEEING.
  7303 | D:7      | 7303 ||| FLEEEEING.
  7304 | D:7      | 7304 ||| FLEEEEING.
  7306 | D:7      | 7306 ||| FLEEEEING.
  7307 | D:7      | 7307 ||| Stepping ~*~*~tactically~*~*~ (hiding).
  7309 | D:7      | 7309 ||| Stepping ~*~*~tactically~*~*~ (hiding).
  7339 | D:7      | 7339 ||| Stepping ~*~*~tactically~*~*~ (stealth).
  7340 | D:7      | 7340 ||| Stepping ~*~*~tactically~*~*~ (stealth).
  7355 | D:7      | 7355 ||| Stepping ~*~*~tactically~*~*~ (stealth).
  7364 | D:7      | 7364 ||| Stepping ~*~*~tactically~*~*~ (stealth).
  7369 | D:7      | 7369 ||| UPGRADING to +0 kite shield.
  7379 | D:7      | 7379 ||| Stepping ~*~*~tactically~*~*~ (hiding).
  7383 | D:7      | 7383 ||| INVOKING Heroism.
  7385 | D:7      | 7385 ||| INVOKING Heroism.
  7390 | D:7      | 7390 ||| DROPPING +0 buckler.
  7391 | D:7      | 7391 ||| UPGRADING to +0 cloak.
  7396 | D:7      | 7396 ||| UPGRADING to +0 plate armour.
  7406 | D:7      | 7406 ||| DROPPING +0 chain mail.
  7408 | D:7      | 7408 ||| Stepping ~*~*~tactically~*~*~ (hiding).
  7418 | D:7      | 7418 ||| READING scroll labelled NONGIO NINGAO.
  7477 | D:7      | 7477 ||| DROPPING +2 helmet.
  7498 | D:7      | 7498 ||| INVOKING Heroism.
  7629 | D:7      | 7629 ||| SWAPPING to +2 war axe of venom.
  7630 | D:7      | 7630 ||| DROPPING +1 war axe.
  7839 | D:7      | 7839 ||| Stepping ~*~*~tactically~*~*~ (stealth).
  7907 | D:7      | 7907 ||| READING scroll labelled ZIXAUNUYFO.
  7947 | D:8      | Noticed a hornet
  7950 | D:8      | 7950 ||| STAIRDANCE
  7952 | D:7      | 7952 ||| INVOKING Heroism.
  7954 | D:7      | Reached skill level 6 in Shields
  7956 | D:7      | Killed a hornet
  7957 | D:7      | Reached XP level 10. HP: 32/63 MP: 8/11
  8068 | D:8      | 8068 ||| Stepping ~*~*~tactically~*~*~ (hiding).
  8115 | D:8      | 8115 ||| Stepping ~*~*~tactically~*~*~ (hiding).
  8124 | D:8      | Noticed Prince Ribbit
  8136 | D:8      | 8136 ||| INVOKING Heroism.
  8137 | D:8      | Killed Prince Ribbit
  8138 | D:8      | Reached skill level 3 in Invocations
  8318 | D:8      | 8318 ||| INVOKING Heroism.
  8342 | D:8      | 8342 ||| Stepping ~*~*~tactically~*~*~ (hiding).
  8354 | D:8      | 8354 ||| Stepping ~*~*~tactically~*~*~ (hiding).
  8465 | D:8      | 8465 ||| DROPPING +0 flail.
  8477 | D:8      | 8477 ||| Stepping ~*~*~tactically~*~*~ (hiding).
  8480 | D:8      | Identified the +1 halberd of Shame {pain, Int+4}
  8488 | D:8      | Found a flagged portal.
  8835 | D:8      | 8835 ||| READING 2 scrolls of identify.
  8835 | D:8      | 8835 ||| IDENTIFYING smoky emerald potion
  8836 | D:8      | 8836 ||| DROPPING potion of ambrosia.
  8900 | D:9      | 8900 ||| Stepping ~*~*~tactically~*~*~ (stealth).
  8902 | D:9      | 8902 ||| Stepping ~*~*~tactically~*~*~ (hiding).
  8903 | D:9      | 8903 ||| Stepping ~*~*~tactically~*~*~ (hiding).
  8904 | D:9      | 8904 ||| Stepping ~*~*~tactically~*~*~ (hiding).
  8906 | D:9      | 8906 ||| Stepping ~*~*~tactically~*~*~ (hiding).
  8942 | D:9      | 8942 ||| Stepping ~*~*~tactically~*~*~ (stealth).
  8952 | D:9      | Reached skill level 6 in Armour
  8981 | D:9      | Noticed a green ugly thing
  8993 | D:9      | Killed a green ugly thing
  9071 | D:9      | Identified the +1 pair of boots of Soupress {+Inv rPois
                  | Will+ MP+9}
  9100 | D:9      | 9100 ||| Stepping ~*~*~tactically~*~*~ (stealth).
  9102 | D:9      | 9102 ||| Stepping ~*~*~tactically~*~*~ (stealth).
  9122 | D:9      | 9122 ||| INVOKING Heroism.
  9133 | D:9      | Reached skill level 9 in Shields
  9256 | D:9      | 9256 ||| INVOKING Heroism.
  9500 | D:9      | 9500 ||| Stepping ~*~*~tactically~*~*~ (stealth).
  9503 | D:9      | 9503 ||| Stepping ~*~*~tactically~*~*~ (stealth).
  9518 | D:9      | Found an ancient bone altar of Kikubaaqudgha.
  9702 | D:9      | 9702 ||| UPGRADING to +1 pair of boots of Soupress {+Inv
                  | rPois Will+ MP+9}.
  9712 | D:9      | 9712 ||| DROPPING +0 pair of boots.
  9713 | D:9      | 9713 ||| UPGRADING to +0 tower shield.
  9723 | D:9      | 9723 ||| DROPPING +0 kite shield.
  9762 | D:9      | 9762 ||| DROPPING amulet of magic regeneration.
  9763 | D:9      | 9763 ||| READING 2 scrolls labelled RAZASATWITUF.
  9764 | D:9      | 9764 ||| READING 2 scrolls labelled ECZIREN GEUQ.
  9764 | D:9      | Identified 2 scrolls of acquirement
  9764 | D:9      | 9764 ||| ACQUIRING amulet of guardian spirit
  9764 | D:9      | Acquired an amulet of guardian spirit
  9765 | D:9      | 9765 ||| READING scroll of acquirement.
  9765 | D:9      | 9765 ||| ACQUIRING +5 broad axe "Peuj" {vamp, Will+}
  9765 | D:9      | Acquired the +5 broad axe "Peuj" {vamp, Will+}
  9767 | D:9      | 9767 ||| SWAPPING to +5 broad axe "Peuj" {vamp, Will+}.
  9768 | D:9      | 9768 ||| READING scroll labelled TUJIH CYXUPNOB.
  9769 | D:9      | 9769 ||| READING 2 scrolls of identify.
  9769 | D:9      | 9769 ||| IDENTIFYING glowing inky potion
  9770 | D:9      | 9770 ||| DROPPING scroll of noise.
  9787 | D:10     | Entered Level 10 of the Dungeon
  9789 | D:10     | 9789 ||| Stepping ~*~*~tactically~*~*~ (stealth).
  9791 | D:10     | 9791 ||| Stepping ~*~*~tactically~*~*~ (hiding).
  9796 | D:10     | 9796 ||| Stepping ~*~*~tactically~*~*~ (stealth).
  9866 | D:10     | Noticed Sonja
  9884 | D:10     | Killed Sonja
  9884 | D:10     | Reached ** piety under Okawaru
 10072 | D:10     | 10072 ||| Stepping ~*~*~tactically~*~*~ (stealth).
 10077 | D:10     | 10077 ||| Stepping ~*~*~tactically~*~*~ (stealth).
 10078 | D:10     | 10078 ||| Stepping ~*~*~tactically~*~*~ (stealth).
 10083 | D:10     | 10083 ||| INVOKING Heroism.
 10139 | D:10     | Noticed Psyche
 10140 | D:10     | 10140 ||| INVOKING Heroism.
 10140 | D:10     | Noticed a two-headed ogre
 10146 | D:10     | Killed Psyche
 10147 | D:10     | Reached XP level 11. HP: 67/67 MP: 14/14
 10154 | D:10     | Killed a two-headed ogre
 10321 | D:10     | 10321 ||| INVOKING Heroism.
 10469 | D:10     | 10469 ||| READING 2 scrolls of identify.
 10469 | D:10     | 10469 ||| IDENTIFYING lumpy dark potion
 10548 | D:10     | Found a radiant altar of Vehumet.
 10562 | D:10     | 10562 ||| Stepping ~*~*~tactically~*~*~ (stealth).
 10611 | D:10     | 10611 ||| INVOKING Heroism.
 10612 | D:10     | Found an opulent altar of Gozag.
 10624 | D:10     | 10624 ||| DROPPING +0 morningstar.
 10649 | D:10     | 10649 ||| Stepping ~*~*~tactically~*~*~ (stealth).
 10650 | D:10     | 10650 ||| Stepping ~*~*~tactically~*~*~ (stealth).
 10651 | D:10     | 10651 ||| INVOKING Heroism.
 10691 | D:10     | 10691 ||| Stepping ~*~*~tactically~*~*~ (stealth).
 10779 | D:10     | 10779 ||| DROPPING amulet of guardian spirit.
 10780 | D:10     | 10780 ||| UPGRADING to amulet of reflection.
 10785 | D:10     | 10785 ||| DRINKING 2 silvery potions.
 10786 | D:10     | 10786 ||| READING 2 scrolls of identify.
 10786 | D:10     | 10786 ||| IDENTIFYING bubbling red potion
 10831 | D:11     | 10831 ||| INVOKING Heroism.
 10895 | D:11     | Noticed a cyclops
 10896 | D:11     | 10896 ||| INVOKING Heroism.
 10900 | D:11     | Killed a cyclops
 10901 | D:11     | Reached skill level 12 in Shields
 10930 | D:11     | Found a staircase to the Lair.
 10932 | D:11     | Noticed a cyclops
 10933 | D:11     | 10933 ||| INVOKING Heroism.
 10934 | D:11     | Found the +7 great mace "Firestarter" {flame, immolate,
                  | rFlCloud rF++}
 10936 | D:11     | Killed a cyclops
 11027 | D:11     | 11027 ||| INVOKING Heroism.
 11063 | D:11     | Noticed Harold
 11064 | D:11     | 11064 ||| INVOKING Heroism.
 11065 | D:11     | Noticed a manticore
 11074 | D:11     | Killed Harold
 11074 | D:11     | Reached *** piety under Okawaru
 11075 | D:11     | Reached skill level 10 in Axes
 11078 | D:11     | Killed a manticore
 11099 | D:11     | Found Voudew's Antique Weapon Shop.
 11139 | D:11     | 11139 ||| Stepping ~*~*~tactically~*~*~ (hiding).
 11142 | D:11     | 11142 ||| Stepping ~*~*~tactically~*~*~ (hiding).
 11161 | D:11     | Found a staircase to the Orcish Mines.
 11307 | D:11     | 11307 ||| PLANNING LAIR
 11307 | D:11     | 11307 ||| READING scroll labelled FEINO LUAPLUSA.
 11332 | Lair:1   | Entered Level 1 of the Lair of Beasts
 11335 | Lair:1   | 11335 ||| INVOKING Heroism.
 11400 | Lair:1   | 11400 ||| INVOKING Heroism.
 11435 | Lair:1   | 11435 ||| INVOKING Heroism.
 11458 | Lair:1   | 11458 ||| Stepping ~*~*~tactically~*~*~ (stealth).
 11461 | Lair:1   | 11461 ||| Stepping ~*~*~tactically~*~*~ (stealth).
 11480 | Lair:1   | Reached XP level 12. HP: 72/72 MP: 15/15
 11486 | Lair:1   | Reached **** piety under Okawaru
 11536 | Lair:1   | 11536 ||| Stepping ~*~*~tactically~*~*~ (hiding).
 11537 | Lair:1   | 11537 ||| Stepping ~*~*~tactically~*~*~ (hiding).
 11552 | Lair:1   | 11552 ||| Stepping ~*~*~tactically~*~*~ (hiding).
 11554 | Lair:1   | 11554 ||| Stepping ~*~*~tactically~*~*~ (hiding).
 11556 | Lair:1   | 11556 ||| INVOKING Heroism.
 11582 | Lair:1   | 11582 ||| Stepping ~*~*~tactically~*~*~ (stealth).
 11583 | Lair:1   | 11583 ||| Stepping ~*~*~tactically~*~*~ (stealth).
 11613 | Lair:1   | 11613 ||| Stepping ~*~*~tactically~*~*~ (hiding).
 11619 | Lair:1   | Reached skill level 3 in Throwing
 11717 | Lair:1   | Found a transporter.
 11815 | Lair:1   | Found a dark tunnel.
 11816 | Lair:1   | 11816 ||| INVOKING Heroism.
 11851 | Lair:1   | 11851 ||| INVOKING Heroism.
 12035 | Lair:1   | Found a transporter.
 12047 | Lair:1   | Received a gift from Okawaru
 12078 | Lair:1   | 12078 ||| Stepping ~*~*~tactically~*~*~ (stealth).
 12382 | Lair:1   | 12382 ||| DROPPING amulet of the acrobat.
 12383 | Lair:1   | 12383 ||| READING scroll labelled AKLOAN GOHUI.
 12659 | Lair:2   | 12659 ||| Stepping ~*~*~tactically~*~*~ (hiding).
 12660 | Lair:2   | 12660 ||| Stepping ~*~*~tactically~*~*~ (hiding).
 12666 | Lair:2   | Reached skill level 6 in Invocations
 12782 | Lair:2   | 12782 ||| Stepping ~*~*~tactically~*~*~ (hiding).
 12785 | Lair:2   | 12785 ||| Stepping ~*~*~tactically~*~*~ (hiding).
 12815 | Lair:2   | 12815 ||| Stepping ~*~*~tactically~*~*~ (hiding).
 12816 | Lair:2   | 12816 ||| Stepping ~*~*~tactically~*~*~ (hiding).
 12818 | Lair:2   | 12818 ||| Stepping ~*~*~tactically~*~*~ (hiding).
 12819 | Lair:2   | 12819 ||| Stepping ~*~*~tactically~*~*~ (hiding).
 12820 | Lair:2   | 12820 ||| Stepping ~*~*~tactically~*~*~ (hiding).
 12941 | Lair:2   | 12941 ||| Stepping ~*~*~tactically~*~*~ (stealth).
 12944 | Lair:2   | 12944 ||| INVOKING Heroism.
 12953 | Lair:2   | Reached skill level 11 in Axes
 13001 | Lair:2   | 13001 ||| Stepping ~*~*~tactically~*~*~ (hiding).
 13173 | Lair:2   | Found a staircase to the Swamp.
 13174 | Lair:2   | 13174 ||| Stepping ~*~*~tactically~*~*~ (hiding).
 13177 | Lair:2   | 13177 ||| INVOKING Heroism.
 13182 | Lair:2   | 13182 ||| Stepping ~*~*~tactically~*~*~ (stealth).
 13209 | Lair:2   | 13209 ||| Stepping ~*~*~tactically~*~*~ (water).
 13312 | Lair:2   | Found a hole to the Spider Nest.
 13506 | Lair:2   | 13506 ||| READING scroll labelled OWAC ALAOGA.
 13507 | Lair:2   | 13507 ||| READING 3 scrolls of identify.
 13507 | Lair:2   | 13507 ||| IDENTIFYING grey potion
 13508 | Lair:2   | 13508 ||| DROPPING potion of brilliance.
 13526 | Lair:3   | Noticed an eight-headed hydra
 13527 | Lair:3   | 13527 ||| INVOKING Heroism.
 13531 | Lair:3   | 13531 ||| SWAPPING to +2 hand axe of flaming.
 13537 | Lair:3   | Killed a five-headed hydra
 13538 | Lair:3   | 13538 ||| SWAPPING to +5 broad axe "Peuj" {vamp, Will+}.
 13573 | Lair:3   | Identified the ring of the Shining Light {Ice Int+3}
 13607 | Lair:3   | 13607 ||| INVOKING Heroism.
 13672 | Lair:3   | 13672 ||| INVOKING Heroism.
 13674 | Lair:3   | 13674 ||| Stepping ~*~*~tactically~*~*~ (cloud).
 13675 | Lair:3   | 13675 ||| Stepping ~*~*~tactically~*~*~ (cloud).
 13680 | Lair:3   | 13680 ||| Stepping ~*~*~tactically~*~*~ (hiding).
 13711 | Lair:3   | 13711 ||| Stepping ~*~*~tactically~*~*~ (stealth).
 13712 | Lair:3   | 13712 ||| Stepping ~*~*~tactically~*~*~ (stealth).
 13736 | Lair:3   | Found a runed translucent gate.
 13736 | Lair:3   | Noticed an anaconda
 13737 | Lair:3   | 13737 ||| Stepping ~*~*~tactically~*~*~ (stealth).
 13740 | Lair:3   | 13740 ||| Stepping ~*~*~tactically~*~*~ (stealth).
 13751 | Lair:3   | Received a gift from Okawaru
 13752 | Lair:3   | Found a runed translucent gate.
 13762 | Lair:3   | Found a runed translucent gate.
 13771 | Lair:3   | Noticed qw's ghost (journeyman GrFi)
 13982 | Lair:3   | 13982 ||| Stepping ~*~*~tactically~*~*~ (stealth).
 13986 | Lair:3   | 13986 ||| Stepping ~*~*~tactically~*~*~ (stealth).
 13995 | Lair:3   | Reached XP level 13. HP: 79/79 MP: 19/19
 14052 | Lair:3   | Noticed Nessos
 14058 | Lair:3   | 14058 ||| Stepping ~*~*~tactically~*~*~ (hiding).
 14058 | Lair:3   | Killed Nessos
 14058 | Lair:3   | Reached ***** piety under Okawaru
 14059 | Lair:3   | Reached skill level 9 in Fighting
 14059 | Lair:3   | Reached skill level 9 in Invocations
 14270 | Lair:3   | 14270 ||| Stepping ~*~*~tactically~*~*~ (stealth).
 14421 | Lair:3   | 14421 ||| READING 2 scrolls of identify.
 14421 | Lair:3   | 14421 ||| IDENTIFYING golden potion
 14422 | Lair:3   | 14422 ||| DROPPING potion of berserk rage.
 14439 | Lair:4   | 14439 ||| INVOKING Heroism.
 14535 | Lair:4   | 14535 ||| INVOKING Heroism.
 14538 | Lair:4   | 14538 ||| SWAPPING to +2 hand axe of flaming.
 14545 | Lair:4   | 14545 ||| SWAPPING to +5 broad axe "Peuj" {vamp, Will+}.
 14640 | Lair:4   | 14640 ||| Stepping ~*~*~tactically~*~*~ (stealth).
 14644 | Lair:4   | 14644 ||| INVOKING Heroism.
 14645 | Lair:4   | 14645 ||| Stepping ~*~*~tactically~*~*~ (stealth).
 14659 | Lair:4   | 14659 ||| Stepping ~*~*~tactically~*~*~ (stealth).
 14685 | Lair:4   | Received a gift from Okawaru
 14740 | Lair:4   | 14740 ||| INVOKING Heroism.
 14780 | Lair:4   | Found an ancient bone altar of Kikubaaqudgha.
 14824 | Lair:4   | 14824 ||| INVOKING Heroism.
 14845 | Lair:4   | 14845 ||| Stepping ~*~*~tactically~*~*~ (stealth).
 14877 | Lair:4   | 14877 ||| INVOKING Heroism.
 14910 | Lair:4   | 14910 ||| Stepping ~*~*~tactically~*~*~ (hiding).
 15180 | Lair:4   | 15180 ||| INVOKING Heroism.
 15190 | Lair:4   | Reached skill level 12 in Axes
 15439 | Lair:4   | 15439 ||| UPGRADING to +0 pair of gloves.
 15478 | Lair:5   | Entered Level 5 of the Lair of Beasts
 15479 | Lair:5   | 15479 ||| Stepping ~*~*~tactically~*~*~ (hiding).
 15492 | Lair:5   | 15492 ||| INVOKING Heroism.
 15494 | Lair:5   | 15494 ||| Stepping ~*~*~tactically~*~*~ (hiding).
 15554 | Lair:5   | 15554 ||| INVOKING Heroism.
 15567 | Lair:5   | Reached skill level 9 in Armour
 15585 | Lair:5   | 15585 ||| INVOKING Heroism.
 15632 | Lair:5   | 15632 ||| INVOKING Heroism.
 15665 | Lair:5   | 15665 ||| INVOKING Heroism.
 15669 | Lair:5   | 15669 ||| INVOKING Finesse.
 15675 | Lair:5   | Received a gift from Okawaru
 15681 | Lair:5   | 15681 ||| SWAPPING to +2 hand axe of flaming.
 15692 | Lair:5   | 15692 ||| SWAPPING to +5 broad axe "Peuj" {vamp, Will+}.
 15703 | Lair:5   | Gained mutation: Your large and strong wings let you fly.
                  | [Gargoyle growth]
 15703 | Lair:5   | Reached XP level 14. HP: 88/88 MP: 21/21
 15708 | Lair:5   | 15708 ||| INVOKING Finesse.
 15742 | Lair:5   | 15742 ||| INVOKING Heroism.
 15770 | Lair:5   | 15770 ||| INVOKING Finesse.
 16052 | Lair:5   | Found a viscous altar of Jiyva.
 16052 | Lair:5   | Found a staircase to the Slime Pits.
 16474 | Lair:5   | 16474 ||| PLANNING D
 16579 | D:12     | 16579 ||| Stepping ~*~*~tactically~*~*~ (stealth).
 16580 | D:12     | 16580 ||| Stepping ~*~*~tactically~*~*~ (stealth).
 16608 | D:12     | You are sucked into a shaft and drop 3 floors!
 16608 | D:15     | Entered Level 15 of the Dungeon
 16632 | D:15     | Found a white marble altar of Elyvilon.
 16637 | D:15     | 16637 ||| INVOKING Heroism.
 16654 | D:15     | 16654 ||| INVOKING Heroism.
 16725 | D:14     | 16725 ||| PLANNING BAZAAR
 16732 | D:14     | 16732 ||| Stepping ~*~*~tactically~*~*~ (hiding).
 16853 | D:14     | Found a portal to a secret trove of treasure.
 16868 | D:14     | 16868 ||| INVOKING Heroism.
 16869 | D:14     | 16869 ||| INVOKING Finesse.
 16887 | D:14     | Reached skill level 13 in Axes
 16903 | D:14     | Received a gift from Okawaru
 16904 | D:14     | Reached skill level 15 in Shields
 16958 | D:14     | Received a gift from Okawaru
 16988 | D:14     | 16988 ||| DROPPING +2 heavy war axe.
 16997 | D:14     | 16997 ||| INVOKING Heroism.
 17012 | D:14     | Reached skill level 14 in Axes
 17052 | D:14     | 17052 ||| Stepping ~*~*~tactically~*~*~ (hiding).
 17085 | D:14     | 17085 ||| Stepping ~*~*~tactically~*~*~ (stealth).
 17086 | D:14     | 17086 ||| Stepping ~*~*~tactically~*~*~ (stealth).
 17091 | D:14     | 17091 ||| INVOKING Heroism.
 17154 | D:14     | 17154 ||| Stepping ~*~*~tactically~*~*~ (stealth).
 17162 | D:14     | 17162 ||| Stepping ~*~*~tactically~*~*~ (stealth).
 17166 | D:14     | 17166 ||| Stepping ~*~*~tactically~*~*~ (stealth).
 17168 | D:14     | 17168 ||| Stepping ~*~*~tactically~*~*~ (stealth).
 17221 | D:14     | 17221 ||| INVOKING Heroism.
 17222 | D:14     | 17222 ||| INVOKING Finesse.
 17309 | D:14     | 17309 ||| Stepping ~*~*~tactically~*~*~ (stealth).
 17341 | D:14     | Found a flickering gateway to a bazaar.
 17342 | D:14     | 17342 ||| DROPPING +6 ring of dexterity.
 17343 | D:14     | 17343 ||| DROPPING ring of see invisible.
 17344 | D:14     | 17344 ||| UPGRADING to +5 ring of evasion.
 17346 | D:14     | 17346 ||| Stepping randomly (stuck).
 17347 | D:14     | 17347 ||| Stepping randomly (stuck).
 17348 | D:14     | 17348 ||| Stepping randomly (stuck).
 17349 | D:14     | 17349 ||| Stepping randomly (stuck).
 17350 | D:14     | 17350 ||| Stepping randomly (stuck).
 17351 | D:14     | 17351 ||| Stepping randomly (stuck).
 17352 | D:14     | 17352 ||| Stepping randomly (stuck).
 17353 | D:14     | 17353 ||| Stepping randomly (stuck).
 17354 | D:14     | 17354 ||| Stepping randomly (stuck).
 17355 | D:14     | 17355 ||| Stepping randomly (stuck).
 17356 | D:14     | 17356 ||| Stepping randomly (stuck).
 17357 | D:14     | 17357 ||| Stepping randomly (stuck).
 17358 | D:14     | 17358 ||| Stepping randomly (stuck).
 17359 | D:14     | 17359 ||| Stepping randomly (stuck).
 17360 | D:14     | 17360 ||| Stepping randomly (stuck).
 17361 | D:14     | 17361 ||| Stepping randomly (stuck).
 17362 | D:14     | 17362 ||| Stepping randomly (stuck).
 17363 | D:14     | 17363 ||| Stepping randomly (stuck).
 17364 | D:14     | 17364 ||| Stepping randomly (stuck).
 17365 | D:14     | 17365 ||| Stepping randomly (stuck).
 17366 | D:14     | 17366 ||| Stepping randomly (stuck).
 17367 | D:14     | 17367 ||| Stepping randomly (stuck).
 17368 | D:14     | 17368 ||| Stepping randomly (stuck).
 17369 | D:14     | 17369 ||| Stepping randomly (stuck).
 17370 | D:14     | 17370 ||| Stepping randomly (stuck).
 17371 | D:14     | 17371 ||| Stepping randomly (stuck).
 17372 | D:14     | 17372 ||| Stepping randomly (stuck).
 17373 | D:14     | 17373 ||| Stepping randomly (stuck).
 17374 | D:14     | 17374 ||| Stepping randomly (stuck).
 17375 | D:14     | 17375 ||| Stepping randomly (stuck).
 17376 | D:14     | 17376 ||| Stepping randomly (stuck).
 17377 | D:14     | 17377 ||| Stepping randomly (stuck).
 17378 | D:14     | 17378 ||| Stepping randomly (stuck).
 17379 | D:14     | 17379 ||| Stepping randomly (stuck).
 17380 | D:14     | 17380 ||| Stepping randomly (stuck).
 17381 | D:14     | 17381 ||| Stepping randomly (stuck).
 17382 | D:14     | 17382 ||| Stepping randomly (stuck).
 17383 | D:14     | 17383 ||| Stepping randomly (stuck).
 17384 | D:14     | 17384 ||| Stepping randomly (stuck).
 17385 | D:14     | 17385 ||| Stepping randomly (stuck).
 17386 | D:14     | 17386 ||| Stepping randomly (stuck).
 17387 | D:14     | 17387 ||| Stepping randomly (stuck).
 17388 | D:14     | 17388 ||| Stepping randomly (stuck).
 17389 | D:14     | 17389 ||| Stepping randomly (stuck).
 17390 | D:14     | 17390 ||| Stepping randomly (stuck).
 17391 | D:14     | 17391 ||| Stepping randomly (stuck).
 17392 | D:14     | 17392 ||| Stepping randomly (stuck).
 17393 | D:14     | 17393 ||| Stepping randomly (stuck).
 17394 | D:14     | 17394 ||| Stepping randomly (stuck).
 17395 | D:14     | 17395 ||| Stepping randomly (stuck).
 17396 | D:14     | 17396 ||| Stepping randomly (stuck).
 17397 | D:14     | 17397 ||| READING 6 scrolls of teleportation.
 17408 | D:14     | 17408 ||| READING 5 scrolls of teleportation.
 17412 | D:14     | 17412 ||| READING 4 scrolls of teleportation.
 17414 | D:14     | 17414 ||| INVOKING Heroism.
 17416 | D:14     | 17416 ||| READING 3 scrolls of teleportation.
 17419 | D:14     | 17419 ||| READING 2 scrolls of teleportation.
 17422 | D:14     | 17422 ||| READING scroll of teleportation.
 17427 | D:14     | 17427 ||| Stepping randomly (stuck).
 17428 | D:14     | 17428 ||| Stepping randomly (stuck).
 17429 | D:14     | 17429 ||| Stepping randomly (stuck).
 17430 | D:14     | 17430 ||| Stepping randomly (stuck).
 17431 | D:14     | 17431 ||| Stepping randomly (stuck).
 17432 | D:14     | 17432 ||| Stepping randomly (stuck).
 17433 | D:14     | 17433 ||| Stepping randomly (stuck).
 17434 | D:14     | 17434 ||| Stepping randomly (stuck).
 17435 | D:14     | 17435 ||| Stepping randomly (stuck).
 17436 | D:14     | 17436 ||| Stepping randomly (stuck).
 17437 | D:14     | 17437 ||| Stepping randomly (stuck).
 17438 | D:14     | 17438 ||| Stepping randomly (stuck).
 17439 | D:14     | 17439 ||| Stepping randomly (stuck).
 17440 | D:14     | 17440 ||| Stepping randomly (stuck).
 17441 | D:14     | 17441 ||| Stepping randomly (stuck).
 17442 | D:14     | 17442 ||| Stepping randomly (stuck).
 17443 | D:14     | 17443 ||| Stepping randomly (stuck).
 17444 | D:14     | 17444 ||| Stepping randomly (stuck).
 17445 | D:14     | 17445 ||| Stepping randomly (stuck).
 17446 | D:14     | 17446 ||| Stepping randomly (stuck).
 17447 | D:14     | 17447 ||| Stepping randomly (stuck).
 17448 | D:14     | 17448 ||| Stepping randomly (stuck).
 17449 | D:14     | 17449 ||| Stepping randomly (stuck).
 17450 | D:14     | 17450 ||| Stepping randomly (stuck).
 17451 | D:14     | 17451 ||| Stepping randomly (stuck).
 17452 | D:14     | 17452 ||| Stepping randomly (stuck).
 17453 | D:14     | 17453 ||| Stepping randomly (stuck).
 17454 | D:14     | 17454 ||| Stepping randomly (stuck).
 17455 | D:14     | 17455 ||| Stepping randomly (stuck).
 17456 | D:14     | 17456 ||| Stepping randomly (stuck).
 17457 | D:14     | 17457 ||| Stepping randomly (stuck).
 17458 | D:14     | 17458 ||| Stepping randomly (stuck).
 17459 | D:14     | 17459 ||| Stepping randomly (stuck).
 17460 | D:14     | 17460 ||| Stepping randomly (stuck).
 17461 | D:14     | 17461 ||| Stepping randomly (stuck).
 17462 | D:14     | 17462 ||| Stepping randomly (stuck).
 17463 | D:14     | 17463 ||| Stepping randomly (stuck).
 17464 | D:14     | 17464 ||| Stepping randomly (stuck).
 17465 | D:14     | 17465 ||| Stepping randomly (stuck).
 17466 | D:14     | 17466 ||| Stepping randomly (stuck).
 17467 | D:14     | 17467 ||| Stepping randomly (stuck).
 17468 | D:14     | 17468 ||| Stepping randomly (stuck).
 17469 | D:14     | 17469 ||| Stepping randomly (stuck).
 17470 | D:14     | 17470 ||| Stepping randomly (stuck).
 17471 | D:14     | 17471 ||| Stepping randomly (stuck).
 17472 | D:14     | 17472 ||| Stepping randomly (stuck).
 17473 | D:14     | 17473 ||| Stepping randomly (stuck).
 17474 | D:14     | 17474 ||| Stepping randomly (stuck).
 17475 | D:14     | 17475 ||| Stepping randomly (stuck).
 17476 | D:14     | 17476 ||| Stepping randomly (stuck).
 17477 | D:14     | 17477 ||| Stepping randomly (stuck).
 17478 | D:14     | 17478 ||| Stepping randomly (stuck).
 17479 | D:14     | 17479 ||| Stepping randomly (stuck).
 17480 | D:14     | 17480 ||| Stepping randomly (stuck).
 17481 | D:14     | 17481 ||| Stepping randomly (stuck).
 17482 | D:14     | 17482 ||| Stepping randomly (stuck).
 17483 | D:14     | 17483 ||| Stepping randomly (stuck).
 17484 | D:14     | 17484 ||| Stepping randomly (stuck).
 17485 | D:14     | 17485 ||| Stepping randomly (stuck).
 17486 | D:14     | 17486 ||| Stepping randomly (stuck).
 17487 | D:14     | 17487 ||| Stepping randomly (stuck).
 17488 | D:14     | 17488 ||| Stepping randomly (stuck).
 17489 | D:14     | 17489 ||| Stepping randomly (stuck).
 17490 | D:14     | 17490 ||| Stepping randomly (stuck).
 17491 | D:14     | 17491 ||| Stepping randomly (stuck).
 17492 | D:14     | 17492 ||| Stepping randomly (stuck).
 17493 | D:14     | 17493 ||| Stepping randomly (stuck).
 17494 | D:14     | 17494 ||| Stepping randomly (stuck).
 17495 | D:14     | 17495 ||| Stepping randomly (stuck).
 17496 | D:14     | 17496 ||| Stepping randomly (stuck).
 17497 | D:14     | 17497 ||| Stepping randomly (stuck).
 17498 | D:14     | 17498 ||| Stepping randomly (stuck).
 17499 | D:14     | 17499 ||| Stepping randomly (stuck).
 17500 | D:14     | 17500 ||| Stepping randomly (stuck).
 17501 | D:14     | 17501 ||| Stepping randomly (stuck).
 17502 | D:14     | 17502 ||| Stepping randomly (stuck).
 17503 | D:14     | 17503 ||| Stepping randomly (stuck).
 17504 | D:14     | 17504 ||| Stepping randomly (stuck).
 17505 | D:14     | 17505 ||| Stepping randomly (stuck).
 17506 | D:14     | 17506 ||| Stepping randomly (stuck).
 17507 | D:14     | 17507 ||| Stepping randomly (stuck).
 17508 | D:14     | 17508 ||| Stepping randomly (stuck).
 17509 | D:14     | 17509 ||| Stepping randomly (stuck).
 17510 | D:14     | 17510 ||| Stepping randomly (stuck).
 17511 | D:14     | 17511 ||| Stepping randomly (stuck).
 17512 | D:14     | 17512 ||| Stepping randomly (stuck).
 17513 | D:14     | 17513 ||| Stepping randomly (stuck).
 17514 | D:14     | 17514 ||| Stepping randomly (stuck).
 17515 | D:14     | 17515 ||| Stepping randomly (stuck).
 17516 | D:14     | 17516 ||| Stepping randomly (stuck).
 17517 | D:14     | 17517 ||| Stepping randomly (stuck).
 17518 | D:14     | 17518 ||| Stepping randomly (stuck).
 17519 | D:14     | 17519 ||| Stepping randomly (stuck).
 17520 | D:14     | 17520 ||| Stepping randomly (stuck).
 17521 | D:14     | 17521 ||| Stepping randomly (stuck).
 17522 | D:14     | 17522 ||| Stepping randomly (stuck).
 17523 | D:14     | 17523 ||| Stepping randomly (stuck).
 17524 | D:14     | 17524 ||| Stepping randomly (stuck).
 17525 | D:14     | 17525 ||| Stepping randomly (stuck).
 17526 | D:14     | 17526 ||| Stepping randomly (stuck).
 17527 | D:14     | 17527 ||| Stepping randomly (stuck).
 17528 | D:14     | 17528 ||| Stepping randomly (stuck).
 17529 | D:14     | 17529 ||| Stepping randomly (stuck).
 17530 | D:14     | 17530 ||| Stepping randomly (stuck).
 17531 | D:14     | 17531 ||| Stepping randomly (stuck).
 17532 | D:14     | 17532 ||| Stepping randomly (stuck).
 17533 | D:14     | 17533 ||| Stepping randomly (stuck).
 17534 | D:14     | 17534 ||| Stepping randomly (stuck).
 17535 | D:14     | 17535 ||| Stepping randomly (stuck).
 17536 | D:14     | 17536 ||| Stepping randomly (stuck).
 17537 | D:14     | 17537 ||| Stepping randomly (stuck).
 17538 | D:14     | 17538 ||| Stepping randomly (stuck).
 17539 | D:14     | 17539 ||| Stepping randomly (stuck).
 17540 | D:14     | 17540 ||| Stepping randomly (stuck).
 17541 | D:14     | 17541 ||| Stepping randomly (stuck).
 17542 | D:14     | 17542 ||| Stepping randomly (stuck).
 17543 | D:14     | 17543 ||| Stepping randomly (stuck).
 17544 | D:14     | 17544 ||| Stepping randomly (stuck).
 17545 | D:14     | 17545 ||| Stepping randomly (stuck).
 17546 | D:14     | 17546 ||| Stepping randomly (stuck).
 17547 | D:14     | 17547 ||| Stepping randomly (stuck).
 17548 | D:14     | 17548 ||| Stepping randomly (stuck).
 17549 | D:14     | 17549 ||| Stepping randomly (stuck).
 17550 | D:14     | 17550 ||| Stepping randomly (stuck).
 17551 | D:14     | 17551 ||| Stepping randomly (stuck).
 17552 | D:14     | 17552 ||| Stepping randomly (stuck).
 17553 | D:14     | 17553 ||| Stepping randomly (stuck).
 17554 | D:14     | 17554 ||| Stepping randomly (stuck).
 17555 | D:14     | 17555 ||| Stepping randomly (stuck).
 17556 | D:14     | 17556 ||| Stepping randomly (stuck).
 17557 | D:14     | 17557 ||| Stepping randomly (stuck).
 17558 | D:14     | 17558 ||| Stepping randomly (stuck).
 17559 | D:14     | 17559 ||| Stepping randomly (stuck).
 17560 | D:14     | 17560 ||| Stepping randomly (stuck).
 17561 | D:14     | 17561 ||| Stepping randomly (stuck).
 17562 | D:14     | 17562 ||| Stepping randomly (stuck).
 17563 | D:14     | 17563 ||| Stepping randomly (stuck).
 17564 | D:14     | 17564 ||| Stepping randomly (stuck).
 17565 | D:14     | 17565 ||| Stepping randomly (stuck).
 17566 | D:14     | 17566 ||| Stepping randomly (stuck).
 17567 | D:14     | 17567 ||| Stepping randomly (stuck).
 17568 | D:14     | 17568 ||| Stepping randomly (stuck).
 17569 | D:14     | 17569 ||| Stepping randomly (stuck).
 17570 | D:14     | 17570 ||| Stepping randomly (stuck).
 17571 | D:14     | 17571 ||| Stepping randomly (stuck).
 17572 | D:14     | 17572 ||| Stepping randomly (stuck).
 17573 | D:14     | 17573 ||| Stepping randomly (stuck).
 17574 | D:14     | 17574 ||| Stepping randomly (stuck).
 17575 | D:14     | 17575 ||| Stepping randomly (stuck).
 17576 | D:14     | 17576 ||| Stepping randomly (stuck).
 17577 | D:14     | 17577 ||| Stepping randomly (stuck).
 17578 | D:14     | 17578 ||| Stepping randomly (stuck).
 17579 | D:14     | 17579 ||| Stepping randomly (stuck).
 17580 | D:14     | 17580 ||| Stepping randomly (stuck).
 17581 | D:14     | 17581 ||| Stepping randomly (stuck).
 17582 | D:14     | 17582 ||| Stepping randomly (stuck).
 17583 | D:14     | 17583 ||| Stepping randomly (stuck).
 17584 | D:14     | 17584 ||| Stepping randomly (stuck).
 17585 | D:14     | 17585 ||| Stepping randomly (stuck).
 17586 | D:14     | 17586 ||| Stepping randomly (stuck).
 17587 | D:14     | 17587 ||| Stepping randomly (stuck).
 17588 | D:14     | 17588 ||| Stepping randomly (stuck).
 17589 | D:14     | 17589 ||| Stepping randomly (stuck).
 17590 | D:14     | 17590 ||| Stepping randomly (stuck).
 17591 | D:14     | 17591 ||| Stepping randomly (stuck).
 17592 | D:14     | 17592 ||| Stepping randomly (stuck).
 17593 | D:14     | 17593 ||| Stepping randomly (stuck).
 17594 | D:14     | 17594 ||| Stepping randomly (stuck).
 17595 | D:14     | 17595 ||| Stepping randomly (stuck).
 17596 | D:14     | 17596 ||| Stepping randomly (stuck).
 17597 | D:14     | 17597 ||| Stepping randomly (stuck).
 17598 | D:14     | 17598 ||| Stepping randomly (stuck).
 17599 | D:14     | 17599 ||| Stepping randomly (stuck).
 17600 | D:14     | 17600 ||| Stepping randomly (stuck).
 17601 | D:14     | 17601 ||| Stepping randomly (stuck).
 17602 | D:14     | 17602 ||| Stepping randomly (stuck).
 17603 | D:14     | 17603 ||| Stepping randomly (stuck).
 17604 | D:14     | 17604 ||| Stepping randomly (stuck).
 17605 | D:14     | 17605 ||| Stepping randomly (stuck).
 17606 | D:14     | 17606 ||| Stepping randomly (stuck).
 17607 | D:14     | 17607 ||| Stepping randomly (stuck).
 17608 | D:14     | 17608 ||| Stepping randomly (stuck).
 17609 | D:14     | 17609 ||| Stepping randomly (stuck).
 17610 | D:14     | 17610 ||| Stepping randomly (stuck).
 17611 | D:14     | 17611 ||| Stepping randomly (stuck).
 17612 | D:14     | 17612 ||| Stepping randomly (stuck).
 17613 | D:14     | 17613 ||| Stepping randomly (stuck).
 17614 | D:14     | 17614 ||| Stepping randomly (stuck).
 17615 | D:14     | 17615 ||| Stepping randomly (stuck).
 17616 | D:14     | 17616 ||| Stepping randomly (stuck).
 17617 | D:14     | 17617 ||| Stepping randomly (stuck).
 17618 | D:14     | 17618 ||| Stepping randomly (stuck).
 17619 | D:14     | 17619 ||| Stepping randomly (stuck).
 17620 | D:14     | 17620 ||| Stepping randomly (stuck).
 17621 | D:14     | 17621 ||| Stepping randomly (stuck).
 17622 | D:14     | 17622 ||| INVOKING Heroism.
 17643 | D:14     | 17643 ||| Stepping randomly (stuck).
 17644 | D:14     | 17644 ||| Stepping randomly (stuck).
 17645 | D:14     | 17645 ||| Stepping randomly (stuck).
 17646 | D:14     | 17646 ||| Stepping randomly (stuck).
 17647 | D:14     | 17647 ||| Stepping randomly (stuck).
 17648 | D:14     | 17648 ||| Stepping randomly (stuck).
 17649 | D:14     | 17649 ||| Stepping randomly (stuck).
 17650 | D:14     | 17650 ||| Stepping randomly (stuck).
 17651 | D:14     | 17651 ||| Stepping randomly (stuck).
 17652 | D:14     | 17652 ||| Stepping randomly (stuck).
 17653 | D:14     | 17653 ||| Stepping randomly (stuck).
 17654 | D:14     | 17654 ||| Stepping randomly (stuck).
 17655 | D:14     | 17655 ||| Stepping randomly (stuck).
 17656 | D:14     | 17656 ||| Stepping randomly (stuck).
 17657 | D:14     | 17657 ||| Stepping randomly (stuck).
 17658 | D:14     | 17658 ||| Stepping randomly (stuck).
 17659 | D:14     | 17659 ||| Stepping randomly (stuck).
 17660 | D:14     | 17660 ||| Stepping randomly (stuck).
 17661 | D:14     | 17661 ||| Stepping randomly (stuck).
 17662 | D:14     | 17662 ||| Stepping randomly (stuck).
 17663 | D:14     | 17663 ||| Stepping randomly (stuck).
 17664 | D:14     | 17664 ||| Stepping randomly (stuck).
 17665 | D:14     | 17665 ||| Stepping randomly (stuck).
 17666 | D:14     | 17666 ||| Stepping randomly (stuck).
 17667 | D:14     | 17667 ||| Stepping randomly (stuck).
 17668 | D:14     | 17668 ||| Stepping randomly (stuck).
 17669 | D:14     | 17669 ||| Stepping randomly (stuck).
 17670 | D:14     | 17670 ||| Stepping randomly (stuck).
 17671 | D:14     | 17671 ||| Stepping randomly (stuck).
 17672 | D:14     | 17672 ||| Stepping randomly (stuck).
 17673 | D:14     | 17673 ||| Stepping randomly (stuck).
 17674 | D:14     | 17674 ||| Stepping randomly (stuck).
 17675 | D:14     | 17675 ||| Stepping randomly (stuck).
 17676 | D:14     | 17676 ||| Stepping randomly (stuck).
 17677 | D:14     | 17677 ||| Stepping randomly (stuck).
 17678 | D:14     | 17678 ||| Stepping randomly (stuck).
 17679 | D:14     | 17679 ||| Stepping randomly (stuck).
 17680 | D:14     | 17680 ||| Stepping randomly (stuck).
 17681 | D:14     | 17681 ||| Stepping randomly (stuck).
 17682 | D:14     | 17682 ||| Stepping randomly (stuck).
 17683 | D:14     | 17683 ||| Stepping randomly (stuck).
 17684 | D:14     | 17684 ||| Stepping randomly (stuck).
 17685 | D:14     | 17685 ||| Stepping randomly (stuck).
 17686 | D:14     | 17686 ||| Stepping randomly (stuck).
 17687 | D:14     | 17687 ||| Stepping randomly (stuck).
 17688 | D:14     | 17688 ||| Stepping randomly (stuck).
 17689 | D:14     | 17689 ||| Stepping randomly (stuck).
 17690 | D:14     | 17690 ||| Stepping randomly (stuck).
 17691 | D:14     | 17691 ||| Stepping randomly (stuck).
 17692 | D:14     | 17692 ||| Stepping randomly (stuck).
 17693 | D:14     | 17693 ||| Stepping randomly (stuck).
 17694 | D:14     | 17694 ||| Stepping randomly (stuck).
 17695 | D:14     | 17695 ||| Stepping randomly (stuck).
 17696 | D:14     | 17696 ||| Stepping randomly (stuck).
 17697 | D:14     | 17697 ||| Stepping randomly (stuck).
 17698 | D:14     | 17698 ||| Stepping randomly (stuck).
 17699 | D:14     | 17699 ||| Stepping randomly (stuck).
 17700 | D:14     | 17700 ||| Stepping randomly (stuck).
 17701 | D:14     | 17701 ||| Stepping randomly (stuck).
 17702 | D:14     | 17702 ||| Stepping randomly (stuck).
 17703 | D:14     | 17703 ||| Stepping randomly (stuck).
 17704 | D:14     | 17704 ||| Stepping randomly (stuck).
 17705 | D:14     | 17705 ||| Stepping randomly (stuck).
 17706 | D:14     | 17706 ||| Stepping randomly (stuck).
 17707 | D:14     | 17707 ||| Stepping randomly (stuck).
 17708 | D:14     | 17708 ||| Stepping randomly (stuck).
 17709 | D:14     | 17709 ||| Stepping randomly (stuck).
 17710 | D:14     | 17710 ||| Stepping randomly (stuck).
 17711 | D:14     | 17711 ||| Stepping randomly (stuck).
 17712 | D:14     | 17712 ||| Stepping randomly (stuck).
 17713 | D:14     | 17713 ||| Stepping randomly (stuck).
 17714 | D:14     | 17714 ||| Stepping randomly (stuck).
 17715 | D:14     | 17715 ||| Stepping randomly (stuck).
 17716 | D:14     | 17716 ||| Stepping randomly (stuck).
 17717 | D:14     | 17717 ||| Stepping randomly (stuck).
 17718 | D:14     | 17718 ||| Stepping randomly (stuck).
 17719 | D:14     | 17719 ||| Stepping randomly (stuck).
 17720 | D:14     | 17720 ||| Stepping randomly (stuck).
 17721 | D:14     | 17721 ||| Stepping randomly (stuck).
 17722 | D:14     | 17722 ||| Stepping randomly (stuck).
 17723 | D:14     | 17723 ||| Stepping randomly (stuck).
 17724 | D:14     | 17724 ||| Stepping randomly (stuck).
 17725 | D:14     | 17725 ||| Stepping randomly (stuck).
 17726 | D:14     | 17726 ||| Stepping randomly (stuck).
 17727 | D:14     | 17727 ||| Stepping randomly (stuck).
 17728 | D:14     | 17728 ||| Stepping randomly (stuck).
 17729 | D:14     | 17729 ||| Stepping randomly (stuck).
 17730 | D:14     | 17730 ||| Stepping randomly (stuck).
 17731 | D:14     | 17731 ||| Stepping randomly (stuck).
 17732 | D:14     | 17732 ||| Stepping randomly (stuck).
 17733 | D:14     | 17733 ||| Stepping randomly (stuck).
 17734 | D:14     | 17734 ||| Stepping randomly (stuck).
 17735 | D:14     | 17735 ||| Stepping randomly (stuck).
 17736 | D:14     | 17736 ||| Stepping randomly (stuck).
 17737 | D:14     | 17737 ||| Stepping randomly (stuck).
 17738 | D:14     | 17738 ||| Stepping randomly (stuck).
 17739 | D:14     | 17739 ||| Stepping randomly (stuck).
 17740 | D:14     | 17740 ||| Stepping randomly (stuck).
 17741 | D:14     | 17741 ||| Stepping randomly (stuck).
 17742 | D:14     | 17742 ||| Stepping randomly (stuck).
 17743 | D:14     | 17743 ||| Stepping randomly (stuck).
 17744 | D:14     | 17744 ||| Stepping randomly (stuck).
 17745 | D:14     | 17745 ||| Stepping randomly (stuck).
 17746 | D:14     | 17746 ||| Stepping randomly (stuck).
 17747 | D:14     | 17747 ||| Stepping randomly (stuck).
 17748 | D:14     | 17748 ||| Stepping randomly (stuck).
 17749 | D:14     | 17749 ||| Stepping randomly (stuck).
 17750 | D:14     | 17750 ||| Stepping randomly (stuck).
 17751 | D:14     | 17751 ||| Stepping randomly (stuck).
 17752 | D:14     | 17752 ||| Stepping randomly (stuck).
 17753 | D:14     | 17753 ||| Stepping randomly (stuck).
 17754 | D:14     | 17754 ||| Stepping randomly (stuck).
 17755 | D:14     | 17755 ||| Stepping randomly (stuck).
 17756 | D:14     | 17756 ||| Stepping randomly (stuck).
 17757 | D:14     | 17757 ||| Stepping randomly (stuck).
 17758 | D:14     | 17758 ||| Stepping randomly (stuck).
 17759 | D:14     | 17759 ||| Stepping randomly (stuck).
 17760 | D:14     | 17760 ||| Stepping randomly (stuck).
 17761 | D:14     | 17761 ||| Stepping randomly (stuck).
 17762 | D:14     | 17762 ||| Stepping randomly (stuck).
 17763 | D:14     | 17763 ||| Stepping randomly (stuck).
 17764 | D:14     | 17764 ||| Stepping randomly (stuck).
 17765 | D:14     | 17765 ||| Stepping randomly (stuck).
 17766 | D:14     | 17766 ||| Stepping randomly (stuck).
 17767 | D:14     | 17767 ||| Stepping randomly (stuck).
 17768 | D:14     | 17768 ||| Stepping randomly (stuck).
 17769 | D:14     | 17769 ||| Stepping randomly (stuck).
 17770 | D:14     | 17770 ||| Stepping randomly (stuck).
 17771 | D:14     | 17771 ||| Stepping randomly (stuck).
 17772 | D:14     | 17772 ||| Stepping randomly (stuck).
 17773 | D:14     | 17773 ||| Stepping randomly (stuck).
 17774 | D:14     | 17774 ||| Stepping randomly (stuck).
 17775 | D:14     | 17775 ||| Stepping randomly (stuck).
 17776 | D:14     | 17776 ||| Stepping randomly (stuck).
 17777 | D:14     | 17777 ||| Stepping randomly (stuck).
 17778 | D:14     | 17778 ||| Stepping randomly (stuck).
 17779 | D:14     | 17779 ||| Stepping randomly (stuck).
 17780 | D:14     | 17780 ||| Stepping randomly (stuck).
 17781 | D:14     | 17781 ||| Stepping randomly (stuck).
 17782 | D:14     | 17782 ||| Stepping randomly (stuck).
 17783 | D:14     | 17783 ||| Stepping randomly (stuck).
 17784 | D:14     | 17784 ||| Stepping randomly (stuck).
 17785 | D:14     | 17785 ||| Stepping randomly (stuck).
 17786 | D:14     | 17786 ||| Stepping randomly (stuck).
 17787 | D:14     | 17787 ||| Stepping randomly (stuck).
 17788 | D:14     | 17788 ||| Stepping randomly (stuck).
 17789 | D:14     | 17789 ||| Stepping randomly (stuck).
 17790 | D:14     | 17790 ||| Stepping randomly (stuck).
 17791 | D:14     | 17791 ||| Stepping randomly (stuck).
 17792 | D:14     | 17792 ||| Stepping randomly (stuck).
 17793 | D:14     | 17793 ||| Stepping randomly (stuck).
 17794 | D:14     | 17794 ||| Stepping randomly (stuck).
 17795 | D:14     | 17795 ||| Stepping randomly (stuck).
 17796 | D:14     | 17796 ||| Stepping randomly (stuck).
 17797 | D:14     | 17797 ||| Stepping randomly (stuck).
 17798 | D:14     | 17798 ||| Stepping randomly (stuck).
 17799 | D:14     | 17799 ||| Stepping randomly (stuck).
 17800 | D:14     | 17800 ||| Stepping randomly (stuck).
 17801 | D:14     | 17801 ||| Stepping randomly (stuck).
 17802 | D:14     | 17802 ||| Stepping randomly (stuck).
 17803 | D:14     | 17803 ||| Stepping randomly (stuck).
 17804 | D:14     | 17804 ||| Stepping randomly (stuck).
 17805 | D:14     | 17805 ||| Stepping randomly (stuck).
 17806 | D:14     | 17806 ||| Stepping randomly (stuck).
 17807 | D:14     | 17807 ||| Stepping randomly (stuck).
 17808 | D:14     | 17808 ||| Stepping randomly (stuck).
 17809 | D:14     | 17809 ||| Stepping randomly (stuck).
 17810 | D:14     | 17810 ||| Stepping randomly (stuck).
 17811 | D:14     | 17811 ||| Stepping randomly (stuck).
 17824 | D:14     | 17824 ||| Stepping randomly (stuck).
 17825 | D:14     | 17825 ||| Stepping randomly (stuck).
 17826 | D:14     | 17826 ||| Stepping randomly (stuck).
 17827 | D:14     | 17827 ||| Stepping randomly (stuck).
 17828 | D:14     | 17828 ||| Stepping randomly (stuck).
 17829 | D:14     | 17829 ||| Stepping randomly (stuck).
 17830 | D:14     | 17830 ||| Stepping randomly (stuck).
 17831 | D:14     | 17831 ||| Stepping randomly (stuck).
 17832 | D:14     | 17832 ||| Stepping randomly (stuck).
 17833 | D:14     | 17833 ||| Stepping randomly (stuck).
 17834 | D:14     | 17834 ||| Stepping randomly (stuck).
 17835 | D:14     | 17835 ||| Stepping randomly (stuck).
 17836 | D:14     | 17836 ||| Stepping randomly (stuck).
 17837 | D:14     | 17837 ||| Stepping randomly (stuck).
 17838 | D:14     | 17838 ||| Stepping randomly (stuck).
 17839 | D:14     | 17839 ||| Stepping randomly (stuck).
 17840 | D:14     | 17840 ||| Stepping randomly (stuck).
 17841 | D:14     | 17841 ||| Stepping randomly (stuck).
 17842 | D:14     | 17842 ||| Stepping randomly (stuck).
 17843 | D:14     | 17843 ||| Stepping randomly (stuck).
 17844 | D:14     | 17844 ||| Stepping randomly (stuck).
 17845 | D:14     | 17845 ||| Stepping randomly (stuck).
 17846 | D:14     | 17846 ||| Stepping randomly (stuck).
 17847 | D:14     | 17847 ||| Stepping randomly (stuck).
 17848 | D:14     | 17848 ||| Stepping randomly (stuck).
 17849 | D:14     | 17849 ||| Stepping randomly (stuck).
 17856 | D:14     | 17856 ||| Stepping ~*~*~tactically~*~*~ (hiding).
 17859 | D:14     | 17859 ||| INVOKING Heroism.
 17869 | D:14     | Reached XP level 15. HP: 93/93 MP: 22/22
 17942 | D:14     | 17942 ||| Stepping randomly (stuck).
 17944 | D:14     | 17944 ||| UPGRADING to +2 plate armour of fire resistance.
 17954 | D:14     | 17954 ||| DROPPING +0 plate armour.
 17955 | D:14     | 17955 ||| Stepping randomly (stuck).
 17956 | D:14     | 17956 ||| Stepping randomly (stuck).
 17957 | D:14     | 17957 ||| Stepping randomly (stuck).
 17958 | D:14     | 17958 ||| Stepping randomly (stuck).
 17959 | D:14     | 17959 ||| Stepping randomly (stuck).
 17960 | D:14     | 17960 ||| Stepping randomly (stuck).
 17961 | D:14     | 17961 ||| Stepping randomly (stuck).
 17972 | D:14     | Reached skill level 3 in Dodging
 17997 | D:14     | 17997 ||| Stepping randomly (stuck).
 17998 | D:14     | 17998 ||| Stepping randomly (stuck).
 17999 | D:14     | 17999 ||| Stepping randomly (stuck).
 18000 | D:14     | 18000 ||| Stepping randomly (stuck).
 18003 | D:14     | 18003 ||| Stepping randomly (stuck).
 18004 | D:14     | 18004 ||| Stepping randomly (stuck).
 18005 | D:14     | 18005 ||| Stepping randomly (stuck).
 18006 | D:14     | 18006 ||| Stepping randomly (stuck).
 18007 | D:14     | 18007 ||| Stepping randomly (stuck).
 18008 | D:14     | 18008 ||| Stepping randomly (stuck).
 18009 | D:14     | 18009 ||| Stepping randomly (stuck).
 18010 | D:14     | 18010 ||| Stepping randomly (stuck).
 18011 | D:14     | 18011 ||| Stepping randomly (stuck).
 18012 | D:14     | 18012 ||| Stepping randomly (stuck).
 18013 | D:14     | 18013 ||| Stepping randomly (stuck).
 18014 | D:14     | 18014 ||| Stepping randomly (stuck).
 18015 | D:14     | 18015 ||| Stepping randomly (stuck).
 18016 | D:14     | 18016 ||| Stepping randomly (stuck).
 18017 | D:14     | 18017 ||| Stepping randomly (stuck).
 18018 | D:14     | 18018 ||| Stepping randomly (stuck).
 18019 | D:14     | 18019 ||| Stepping randomly (stuck).
 18020 | D:14     | 18020 ||| Stepping randomly (stuck).
 18021 | D:14     | 18021 ||| Stepping randomly (stuck).
 18022 | D:14     | 18022 ||| Stepping randomly (stuck).
 18023 | D:14     | 18023 ||| Stepping randomly (stuck).
 18024 | D:14     | 18024 ||| Stepping randomly (stuck).
 18025 | D:14     | 18025 ||| Stepping randomly (stuck).
 18026 | D:14     | 18026 ||| Stepping randomly (stuck).
 18027 | D:14     | 18027 ||| Stepping randomly (stuck).
 18028 | D:14     | 18028 ||| Stepping randomly (stuck).
 18029 | D:14     | 18029 ||| Stepping randomly (stuck).
 18030 | D:14     | 18030 ||| Stepping randomly (stuck).
 18031 | D:14     | 18031 ||| Stepping randomly (stuck).
 18032 | D:14     | 18032 ||| Stepping randomly (stuck).
 18033 | D:14     | 18033 ||| Stepping randomly (stuck).
 18034 | D:14     | 18034 ||| Stepping randomly (stuck).
 18035 | D:14     | 18035 ||| Stepping randomly (stuck).
 18036 | D:14     | 18036 ||| Stepping randomly (stuck).
 18037 | D:14     | 18037 ||| Stepping randomly (stuck).
 18038 | D:14     | 18038 ||| Stepping randomly (stuck).
 18039 | D:14     | 18039 ||| Stepping randomly (stuck).
 18040 | D:14     | 18040 ||| Stepping randomly (stuck).
 18041 | D:14     | 18041 ||| Stepping randomly (stuck).
 18042 | D:14     | 18042 ||| Stepping randomly (stuck).
 18043 | D:14     | 18043 ||| Stepping randomly (stuck).
 18044 | D:14     | 18044 ||| Stepping randomly (stuck).
 18045 | D:14     | 18045 ||| Stepping randomly (stuck).
 18046 | D:14     | 18046 ||| Stepping randomly (stuck).
 18047 | D:14     | 18047 ||| Stepping randomly (stuck).
 18048 | D:14     | 18048 ||| Stepping randomly (stuck).
 18049 | D:14     | 18049 ||| Stepping randomly (stuck).
 18050 | D:14     | 18050 ||| Stepping randomly (stuck).
 18051 | D:14     | 18051 ||| Stepping randomly (stuck).
 18052 | D:14     | 18052 ||| Stepping randomly (stuck).
 18053 | D:14     | 18053 ||| Stepping randomly (stuck).
 18054 | D:14     | 18054 ||| Stepping randomly (stuck).
 18055 | D:14     | 18055 ||| Stepping randomly (stuck).
 18056 | D:14     | 18056 ||| Stepping randomly (stuck).
 18057 | D:14     | 18057 ||| Stepping randomly (stuck).
 18058 | D:14     | 18058 ||| Stepping randomly (stuck).
 18059 | D:14     | 18059 ||| Stepping randomly (stuck).
 18060 | D:14     | 18060 ||| Stepping randomly (stuck).
 18061 | D:14     | 18061 ||| Stepping randomly (stuck).
 18062 | D:14     | 18062 ||| Stepping randomly (stuck).
 18063 | D:14     | 18063 ||| Stepping randomly (stuck).
 18064 | D:14     | 18064 ||| Stepping randomly (stuck).
 18065 | D:14     | 18065 ||| Stepping randomly (stuck).
 18066 | D:14     | 18066 ||| Stepping randomly (stuck).
 18067 | D:14     | 18067 ||| Stepping randomly (stuck).
 18068 | D:14     | 18068 ||| Stepping randomly (stuck).
 18069 | D:14     | 18069 ||| Stepping randomly (stuck).
 18070 | D:14     | 18070 ||| Stepping randomly (stuck).
 18071 | D:14     | 18071 ||| Stepping randomly (stuck).
 18072 | D:14     | 18072 ||| Stepping randomly (stuck).
 18073 | D:14     | 18073 ||| Stepping randomly (stuck).
 18074 | D:14     | 18074 ||| Stepping randomly (stuck).
 18075 | D:14     | 18075 ||| Stepping randomly (stuck).
 18076 | D:14     | 18076 ||| Stepping randomly (stuck).
 18077 | D:14     | 18077 ||| Stepping randomly (stuck).
 18078 | D:14     | 18078 ||| Stepping randomly (stuck).
 18079 | D:14     | 18079 ||| Stepping randomly (stuck).
 18080 | D:14     | 18080 ||| Stepping randomly (stuck).
 18081 | D:14     | 18081 ||| Stepping randomly (stuck).
 18082 | D:14     | 18082 ||| Stepping randomly (stuck).
 18083 | D:14     | 18083 ||| Stepping randomly (stuck).
 18084 | D:14     | 18084 ||| Stepping randomly (stuck).
 18085 | D:14     | 18085 ||| Stepping randomly (stuck).
 18086 | D:14     | 18086 ||| Stepping randomly (stuck).
 18087 | D:14     | 18087 ||| Stepping randomly (stuck).
 18088 | D:14     | 18088 ||| Stepping randomly (stuck).
 18089 | D:14     | 18089 ||| Stepping randomly (stuck).
 18090 | D:14     | 18090 ||| Stepping randomly (stuck).
 18091 | D:14     | 18091 ||| Stepping randomly (stuck).
 18092 | D:14     | 18092 ||| Stepping randomly (stuck).
 18093 | D:14     | 18093 ||| Stepping randomly (stuck).
 18094 | D:14     | 18094 ||| Stepping randomly (stuck).
 18095 | D:14     | 18095 ||| Stepping randomly (stuck).
 18096 | D:14     | 18096 ||| Stepping randomly (stuck).
 18097 | D:14     | 18097 ||| Stepping randomly (stuck).
 18098 | D:14     | 18098 ||| Stepping randomly (stuck).
 18099 | D:14     | 18099 ||| Stepping randomly (stuck).
 18100 | D:14     | 18100 ||| Stepping randomly (stuck).
 18101 | D:14     | 18101 ||| Stepping randomly (stuck).
 18102 | D:14     | 18102 ||| Stepping randomly (stuck).
 18103 | D:14     | 18103 ||| Stepping randomly (stuck).
 18104 | D:14     | 18104 ||| Stepping randomly (stuck).
 18105 | D:14     | 18105 ||| Stepping randomly (stuck).
 18106 | D:14     | 18106 ||| Stepping randomly (stuck).
 18107 | D:14     | 18107 ||| Stepping randomly (stuck).
 18108 | D:14     | 18108 ||| Stepping randomly (stuck).
 18109 | D:14     | 18109 ||| Stepping randomly (stuck).
 18110 | D:14     | 18110 ||| Stepping randomly (stuck).
 18111 | D:14     | 18111 ||| Stepping randomly (stuck).
 18112 | D:14     | 18112 ||| Stepping randomly (stuck).
 18113 | D:14     | 18113 ||| Stepping randomly (stuck).
 18114 | D:14     | 18114 ||| Stepping randomly (stuck).
 18115 | D:14     | 18115 ||| Stepping randomly (stuck).
 18116 | D:14     | 18116 ||| Stepping randomly (stuck).
 18117 | D:14     | 18117 ||| Stepping randomly (stuck).
 18118 | D:14     | 18118 ||| Stepping randomly (stuck).
 18119 | D:14     | 18119 ||| Stepping randomly (stuck).
 18120 | D:14     | 18120 ||| Stepping randomly (stuck).
 18121 | D:14     | 18121 ||| Stepping randomly (stuck).
 18122 | D:14     | 18122 ||| Stepping ~*~*~tactically~*~*~ (stealth).
 18123 | D:14     | 18123 ||| Stepping randomly (stuck).
 18124 | D:14     | 18124 ||| Stepping randomly (stuck).
 18125 | D:14     | 18125 ||| Stepping randomly (stuck).
 18126 | D:14     | 18126 ||| Stepping randomly (stuck).
 18127 | D:14     | 18127 ||| Stepping randomly (stuck).
 18128 | D:14     | 18128 ||| Stepping randomly (stuck).
 18129 | D:14     | 18129 ||| Stepping randomly (stuck).
 18130 | D:14     | 18130 ||| Stepping randomly (stuck).
 18131 | D:14     | 18131 ||| Stepping randomly (stuck).
 18133 | D:14     | 18133 ||| Stepping ~*~*~tactically~*~*~ (hiding).
 18197 | D:14     | 18197 ||| RIP BAZAAR
 18242 | D:14     | 18242 ||| PLANNING D
 18261 | D:13     | 18261 ||| Stepping ~*~*~tactically~*~*~ (hiding).
 18294 | D:13     | Found a transporter.
 18296 | D:13     | Found a transporter.
 18308 | D:13     | Noticed qdestroyer's ghost (journeyman MiFi)
 18325 | D:13     | Noticed 00Nightcrawler's ghost (journeyman VSTm)
 18328 | D:12     | Found a transporter.
 18334 | D:12     | Noticed Uwkeq's ghost (journeyman MiFi)
 18361 | D:12     | Found a transporter.
 18365 | D:12     | Noticed Jorgrun
 18366 | D:12     | 18366 ||| INVOKING Heroism.
 18384 | D:12     | Killed Jorgrun
 18494 | D:12     | Noticed Urug
 18495 | D:12     | 18495 ||| INVOKING Heroism.
 18504 | D:12     | Killed Urug
 18523 | D:12     | Found Dimiahas's Tremendous Tomes.
 18596 | D:12     | 18596 ||| INVOKING Heroism.
 18634 | D:12     | 18634 ||| Stepping ~*~*~tactically~*~*~ (stealth).
 18636 | D:12     | 18636 ||| Stepping ~*~*~tactically~*~*~ (hiding).
 18637 | D:12     | 18637 ||| Stepping ~*~*~tactically~*~*~ (hiding).
 18679 | D:12     | 18679 ||| Stepping ~*~*~tactically~*~*~ (stealth).
 18777 | D:12     | 18777 ||| Stepping ~*~*~tactically~*~*~ (stealth).
 18779 | D:12     | 18779 ||| INVOKING Heroism.
 18853 | D:12     | 18853 ||| Stepping ~*~*~tactically~*~*~ (hiding).
 18867 | D:12     | 18867 ||| Stepping ~*~*~tactically~*~*~ (hiding).
 18868 | D:12     | 18868 ||| Stepping ~*~*~tactically~*~*~ (hiding).
 19001 | D:13     | Found a gate to the Vaults.
 19002 | D:13     | 19002 ||| STAIRDANCE
 19004 | D:12     | 19004 ||| INVOKING Heroism.
 19017 | D:12     | Received a gift from Okawaru
 19024 | D:13     | 19024 ||| INVOKING Heroism.
 19154 | D:13     | Found Leyvics's Weapon Shoppe.
 19175 | D:13     | Noticed Lodul
 19185 | D:13     | Killed Lodul
 19270 | D:13     | 19270 ||| Stepping ~*~*~tactically~*~*~ (stealth).
 19272 | D:13     | 19272 ||| Stepping ~*~*~tactically~*~*~ (hiding).
 19401 | D:13     | Reached skill level 15 in Axes
 19579 | D:13     | Received a gift from Okawaru
 19607 | D:13     | 19607 ||| Stepping ~*~*~tactically~*~*~ (hiding).
 19610 | D:13     | 19610 ||| Stepping ~*~*~tactically~*~*~ (hiding).
 19708 | D:13     | 19708 ||| DROPPING ring of willpower.
 19709 | D:13     | 19709 ||| READING 4 scrolls of identify.
 19709 | D:13     | 19709 ||| IDENTIFYING fizzy white potion
 19990 | D:14     | Identified the +7 short sword "Paomiaph" {pain, rC++}
 20006 | D:14     | 20006 ||| READING scroll of enchant armour.
 20006 | D:14     | 20006 ||| ENCHANTING +2 plate armour of fire resistance.
 20313 | D:15     | Received a gift from Okawaru
 20319 | D:15     | 20319 ||| INVOKING Heroism.
 20355 | D:15     | 20355 ||| INVOKING Heroism.
 20406 | D:15     | Found a snail-covered altar of Cheibriados.
 20480 | D:15     | 20480 ||| INVOKING Heroism.
 20482 | D:15     | 20482 ||| Stepping ~*~*~tactically~*~*~ (hiding).
 20499 | D:15     | Reached skill level 12 in Fighting
 20524 | D:15     | Found a staircase to the Depths.
 20586 | D:15     | 20586 ||| INVOKING Heroism.
 20587 | D:15     | 20587 ||| INVOKING Finesse.
 20649 | D:15     | 20649 ||| INVOKING Heroism.
 20659 | D:15     | Reached XP level 16. HP: 101/101 MP: 23/23
 20693 | D:15     | 20693 ||| Stepping ~*~*~tactically~*~*~ (hiding).
 20694 | D:15     | 20694 ||| Stepping ~*~*~tactically~*~*~ (hiding).
 20698 | D:15     | Received a gift from Okawaru
 20851 | D:15     | 20851 ||| INVOKING Heroism.
 20977 | D:15     | 20977 ||| PLANNING ORC
 20977 | D:15     | 20977 ||| DROPPING ring of see invisible.
 21075 | Orc:1    | Entered Level 1 of the Orcish Mines
 21135 | Orc:2    | Entered Level 2 of the Orcish Mines
 21135 | Orc:2    | Found a staircase to the Elven Halls.
 21140 | Orc:2    | 21140 ||| INVOKING Heroism.
 21164 | Orc:2    | 21164 ||| Stepping ~*~*~tactically~*~*~ (stealth).
 21166 | Orc:2    | 21166 ||| Stepping ~*~*~tactically~*~*~ (hiding).
 21176 | Orc:2    | 21176 ||| INVOKING Heroism.
 21189 | Orc:2    | 21189 ||| Stepping ~*~*~tactically~*~*~ (stealth).
 21411 | Orc:1    | Reached skill level 6 in Throwing
 21609 | Orc:2    | Noticed Azrael
 21610 | Orc:2    | 21610 ||| INVOKING Heroism.
 21632 | Orc:2    | Killed Azrael
 21633 | Orc:2    | Reached skill level 12 in Armour
 21729 | Orc:2    | 21729 ||| Stepping ~*~*~tactically~*~*~ (stealth).
 21734 | Orc:2    | 21734 ||| Stepping ~*~*~tactically~*~*~ (stealth).
 21735 | Orc:2    | 21735 ||| Stepping ~*~*~tactically~*~*~ (stealth).
 21736 | Orc:2    | 21736 ||| Stepping ~*~*~tactically~*~*~ (stealth).
 21738 | Orc:2    | 21738 ||| Stepping ~*~*~tactically~*~*~ (stealth).
 21740 | Orc:2    | 21740 ||| INVOKING Heroism.
 21763 | Orc:2    | 21763 ||| Stepping ~*~*~tactically~*~*~ (stealth).
 21765 | Orc:2    | Found Taugouhe's Book Shoppe.
 21777 | Orc:2    | 21777 ||| INVOKING Heroism.
 21827 | Orc:2    | Found Iheidd's Jewellery Emporium.
 21859 | Orc:2    | Found Duac's Antique Armour Shop.
 21871 | Orc:2    | Found Girr's General Store.
 21875 | Orc:2    | 21875 ||| BUYING glowing cloak (262 gold).
 21875 | Orc:2    | Bought a glowing cloak for 262 gold pieces
 21880 | Orc:2    | 21880 ||| BUYING +3 pair of mountain boots {steadfast, rC+}
                  | (502 gold).
 21880 | Orc:2    | Bought the +3 pair of mountain boots {steadfast, rC+} for
                  | 502 gold pieces
 21880 | Orc:2    | Found the +3 pair of mountain boots {steadfast, rC+}
 21880 | Orc:2    | 21880 ||| BUYING ring of protection from cold (375 gold).
 21880 | Orc:2    | Bought a ring of protection from cold for 375 gold pieces
 21943 | Orc:2    | 21943 ||| UPGRADING to +1 cloak.
 21953 | Orc:2    | 21953 ||| DROPPING +0 cloak.
 21954 | Orc:2    | 21954 ||| UPGRADING to +3 pair of mountain boots
                  | {steadfast, rC+}.
 21964 | Orc:2    | 21964 ||| DROPPING +1 pair of boots of Soupress {+Inv rPois
                  | Will+ MP+9}.
 21965 | Orc:2    | 21965 ||| DROPPING ring of the Shining Light {Ice Int+3}.
 21975 | Orc:1    | Noticed Gastronok
 21975 | Orc:1    | Noticed Erica
 21976 | Orc:1    | 21976 ||| INVOKING Heroism.
 21977 | Orc:1    | 21977 ||| INVOKING Finesse.
 21999 | Orc:1    | Killed Gastronok
 22002 | Orc:1    | Killed Erica
 22270 | Orc:2    | 22270 ||| PLANNING SWAMP:1-3
 22414 | Swamp:1  | Entered Level 1 of the Swamp
 22415 | Swamp:1  | 22415 ||| INVOKING Heroism.
 22424 | Swamp:1  | Reached skill level 16 in Axes
 22460 | Swamp:1  | Found a runed translucent door.
 22473 | Swamp:1  | Noticed qw's ghost (adept GrFi)
 22483 | Swamp:1  | 22483 ||| INVOKING Heroism.
 22525 | Swamp:1  | 22525 ||| Stepping ~*~*~tactically~*~*~ (hiding).
 22537 | Swamp:1  | Noticed a tentacled monstrosity
 22538 | Swamp:1  | 22538 ||| INVOKING Heroism.
 22551 | Swamp:1  | Killed a tentacled monstrosity
 22672 | Swamp:1  | 22672 ||| Stepping ~*~*~tactically~*~*~ (hiding).
 22675 | Swamp:1  | 22675 ||| Stepping ~*~*~tactically~*~*~ (hiding).
 22676 | Swamp:1  | 22676 ||| INVOKING Heroism.
 22766 | Swamp:1  | 22766 ||| SWAPPING to +2 hand axe of flaming.
 22771 | Swamp:1  | 22771 ||| SWAPPING to +5 broad axe "Peuj" {vamp, Will+}.
 22788 | Swamp:1  | 22788 ||| Stepping ~*~*~tactically~*~*~ (hiding).
 22804 | Swamp:1  | Received a gift from Okawaru
 22871 | Swamp:1  | 22871 ||| Stepping ~*~*~tactically~*~*~ (hiding).
 22872 | Swamp:1  | 22872 ||| Stepping ~*~*~tactically~*~*~ (hiding).
 22873 | Swamp:1  | 22873 ||| Stepping ~*~*~tactically~*~*~ (hiding).
 22877 | Swamp:1  | 22877 ||| INVOKING Heroism.
 22878 | Swamp:1  | Noticed a thorn hunter
 22881 | Swamp:1  | 22881 ||| SWAPPING to +2 hand axe of flaming.
 22890 | Swamp:1  | 22890 ||| SWAPPING to +5 broad axe "Peuj" {vamp, Will+}.
 22895 | Swamp:1  | Killed a thorn hunter
 22907 | Swamp:1  | 22907 ||| READING 3 scrolls of enchant armour.
 22907 | Swamp:1  | 22907 ||| ENCHANTING +3 plate armour of fire resistance.
 22908 | Swamp:1  | 22908 ||| READING 2 scrolls of enchant armour.
 22908 | Swamp:1  | 22908 ||| ENCHANTING +4 plate armour of fire resistance.
 22909 | Swamp:1  | 22909 ||| READING scroll of enchant armour.
 22909 | Swamp:1  | 22909 ||| ENCHANTING +5 plate armour of fire resistance.
 23198 | Swamp:2  | 23198 ||| Stepping ~*~*~tactically~*~*~ (hiding).
 23199 | Swamp:2  | 23199 ||| Stepping ~*~*~tactically~*~*~ (hiding).
 23202 | Swamp:2  | 23202 ||| Stepping ~*~*~tactically~*~*~ (hiding).
 23205 | Swamp:2  | 23205 ||| INVOKING Heroism.
 23236 | Swamp:2  | Found a runed translucent door.
 23274 | Swamp:2  | Received a gift from Okawaru
 23319 | Swamp:2  | 23319 ||| INVOKING Heroism.
 23322 | Swamp:2  | 23322 ||| SWAPPING to +2 hand axe of flaming.
 23325 | Swamp:2  | 23325 ||| SWAPPING to +5 broad axe "Peuj" {vamp, Will+}.
 23594 | Swamp:2  | 23594 ||| INVOKING Heroism.
 23599 | Swamp:2  | Reached XP level 17. HP: 106/106 MP: 21/24
 23761 | Swamp:2  | 23761 ||| FLEEEEING.
 23762 | Swamp:2  | 23762 ||| FLEEEEING.
 23763 | Swamp:2  | 23763 ||| FLEEEEING.
 23765 | Swamp:2  | 23765 ||| FLEEEEING.
 23767 | Swamp:2  | 23767 ||| FLEEEEING.
 23768 | Swamp:2  | 23768 ||| FLEEEEING.
 23769 | Swamp:2  | 23769 ||| FLEEEEING.
 23770 | Swamp:2  | 23770 ||| FLEEEEING.
 23773 | Swamp:2  | 23773 ||| FLEEEEING.
 23774 | Swamp:2  | 23774 ||| FLEEEEING.
 23775 | Swamp:2  | 23775 ||| FLEEEEING.
 23776 | Swamp:2  | 23776 ||| FLEEEEING.
 23779 | Swamp:2  | 23779 ||| FLEEEEING.
 23780 | Swamp:2  | 23780 ||| FLEEEEING.
 23781 | Swamp:2  | 23781 ||| FLEEEEING.
 23782 | Swamp:2  | 23782 ||| FLEEEEING.
 23783 | Swamp:2  | 23783 ||| FLEEEEING.
 23786 | Swamp:2  | 23786 ||| FLEEEEING.
 23787 | Swamp:2  | 23787 ||| FLEEEEING.
 23788 | Swamp:2  | 23788 ||| FLEEEEING.
 23789 | Swamp:2  | 23789 ||| FLEEEEING.
 23790 | Swamp:2  | 23790 ||| INVOKING Heroism.
 23899 | Swamp:2  | 23899 ||| FLEEEEING.
 23900 | Swamp:2  | 23900 ||| FLEEEEING.
 23901 | Swamp:2  | 23901 ||| FLEEEEING.
 23902 | Swamp:2  | 23902 ||| FLEEEEING.
 23903 | Swamp:2  | 23903 ||| FLEEEEING.
 23903 | Swamp:2  | Noticed qw's ghost (adept GrFi)
 23904 | Swamp:2  | 23904 ||| FLEEEEING.
 23907 | Swamp:2  | 23907 ||| FLEEEEING.
 23908 | Swamp:2  | 23908 ||| FLEEEEING.
 23909 | Swamp:2  | 23909 ||| FLEEEEING.
 23910 | Swamp:2  | 23910 ||| FLEEEEING.
 23911 | Swamp:2  | 23911 ||| FLEEEEING.
 23918 | Swamp:2  | 23918 ||| INVOKING Heroism.
 23922 | Swamp:2  | 23922 ||| SWAPPING to +2 hand axe of flaming.
 23927 | Swamp:2  | 23927 ||| SWAPPING to +5 broad axe "Peuj" {vamp, Will+}.
 23942 | Swamp:2  | 23942 ||| Stepping ~*~*~tactically~*~*~ (stealth).
 23944 | Swamp:2  | 23944 ||| Stepping ~*~*~tactically~*~*~ (stealth).
 23945 | Swamp:2  | 23945 ||| Stepping ~*~*~tactically~*~*~ (stealth).
 24247 | Swamp:2  | 24247 ||| Stepping ~*~*~tactically~*~*~ (hiding).
 24249 | Swamp:2  | 24249 ||| Stepping ~*~*~tactically~*~*~ (hiding).
 25257 | Swamp:2  | 25257 ||| Stepping randomly (stuck).
 25283 | Swamp:3  | 25283 ||| INVOKING Heroism.
 25307 | Swamp:3  | Received a gift from Okawaru
 25314 | Swamp:3  | 25314 ||| SWAPPING to +2 hand axe of flaming.
 25323 | Swamp:3  | 25323 ||| SWAPPING to +5 broad axe "Peuj" {vamp, Will+}.
 25349 | Swamp:3  | 25349 ||| INVOKING Heroism.
 25353 | Swamp:3  | 25353 ||| SWAPPING to +2 hand axe of flaming.
 25360 | Swamp:3  | 25360 ||| SWAPPING to +5 broad axe "Peuj" {vamp, Will+}.
 25400 | Swamp:3  | 25400 ||| INVOKING Heroism.
 25428 | Swamp:3  | 25428 ||| INVOKING Heroism.
 25433 | Swamp:3  | Reached skill level 17 in Axes
 25463 | Swamp:3  | 25463 ||| Stepping ~*~*~tactically~*~*~ (cloud).
 25602 | Swamp:3  | 25602 ||| INVOKING Heroism.
 25902 | Swamp:3  | Identified the +0 cloak "Ysosy" {+Inv rN+ Will+ Stlth+}
 25945 | Swamp:3  | 25945 ||| INVOKING Heroism.
 26148 | Swamp:3  | 26148 ||| PLANNING SPIDER:1-3
 26148 | Swamp:3  | 26148 ||| UPGRADING to +0 cloak "Ysosy" {+Inv rN+ Will+
                  | Stlth+}.
 26273 | Spider:1 | Entered Level 1 of the Spider Nest
 26296 | Spider:1 | Received a gift from Okawaru
 26305 | Spider:1 | 26305 ||| Stepping ~*~*~tactically~*~*~ (hiding).
 26425 | Spider:1 | 26425 ||| Stepping ~*~*~tactically~*~*~ (hiding).
 26600 | Spider:1 | 26600 ||| Stepping ~*~*~tactically~*~*~ (stealth).
 26691 | Spider:1 | 26691 ||| Stepping ~*~*~tactically~*~*~ (stealth).
 26754 | Spider:1 | 26754 ||| Stepping ~*~*~tactically~*~*~ (stealth).
 26756 | Spider:1 | 26756 ||| INVOKING Heroism.
 26845 | Spider:1 | Found a runed translucent gate.
 27101 | Spider:1 | Found a runed translucent gate.
 27101 | Spider:1 | Found a runed translucent gate.
 27102 | Spider:1 | Noticed qw's ghost (adept GrFi)
 27725 | Spider:1 | 27725 ||| Stepping randomly (stuck).
 27747 | Spider:2 | 27747 ||| INVOKING Heroism.
 27758 | Spider:2 | Received a gift from Okawaru
 27868 | Spider:2 | 27868 ||| Stepping ~*~*~tactically~*~*~ (stealth).
 27869 | Spider:2 | 27869 ||| INVOKING Heroism.
 27882 | Spider:2 | 27882 ||| Stepping ~*~*~tactically~*~*~ (hiding).
 27908 | Spider:2 | 27908 ||| Stepping ~*~*~tactically~*~*~ (stealth).
 28080 | Spider:2 | 28080 ||| Stepping ~*~*~tactically~*~*~ (hiding).
 28083 | Spider:2 | 28083 ||| INVOKING Heroism.
 28323 | Spider:2 | 28323 ||| Stepping ~*~*~tactically~*~*~ (hiding).
 28344 | Spider:2 | 28344 ||| FLEEEEING.
 28345 | Spider:2 | 28345 ||| FLEEEEING.
 28346 | Spider:2 | 28346 ||| FLEEEEING.
 28348 | Spider:2 | 28348 ||| FLEEEEING.
 28349 | Spider:2 | 28349 ||| FLEEEEING.
 28350 | Spider:2 | 28350 ||| FLEEEEING.
 28351 | Spider:2 | 28351 ||| FLEEEEING.
 28352 | Spider:2 | 28352 ||| Stepping ~*~*~tactically~*~*~ (stealth).
 28353 | Spider:2 | 28353 ||| FLEEEEING.
 28354 | Spider:2 | 28354 ||| Stepping ~*~*~tactically~*~*~ (stealth).
 28431 | Spider:2 | 28431 ||| Stepping ~*~*~tactically~*~*~ (stealth).
 28432 | Spider:2 | 28432 ||| Stepping ~*~*~tactically~*~*~ (stealth).
 28439 | Spider:2 | Received a gift from Okawaru
 28446 | Spider:2 | 28446 ||| Stepping ~*~*~tactically~*~*~ (hiding).
 28447 | Spider:2 | 28447 ||| Stepping ~*~*~tactically~*~*~ (hiding).
 28448 | Spider:2 | 28448 ||| Stepping ~*~*~tactically~*~*~ (hiding).
 28449 | Spider:2 | 28449 ||| Stepping ~*~*~tactically~*~*~ (hiding).
 28452 | Spider:2 | 28452 ||| INVOKING Heroism.
 28516 | Spider:2 | 28516 ||| Stepping ~*~*~tactically~*~*~ (stealth).
 28539 | Spider:2 | 28539 ||| INVOKING Heroism.
 28690 | Spider:2 | 28690 ||| Stepping ~*~*~tactically~*~*~ (stealth).
 28936 | Spider:3 | 28936 ||| Stepping ~*~*~tactically~*~*~ (hiding).
 28980 | Spider:3 | 28980 ||| Stepping ~*~*~tactically~*~*~ (stealth).
 28982 | Spider:3 | 28982 ||| Stepping ~*~*~tactically~*~*~ (stealth).
 28983 | Spider:3 | 28983 ||| Stepping ~*~*~tactically~*~*~ (stealth).
 28984 | Spider:3 | 28984 ||| Stepping ~*~*~tactically~*~*~ (stealth).
 29005 | Spider:3 | 29005 ||| Stepping ~*~*~tactically~*~*~ (stealth).
 29035 | Spider:3 | Reached skill level 18 in Axes
 29100 | Spider:3 | 29100 ||| Stepping ~*~*~tactically~*~*~ (stealth).
 29101 | Spider:3 | 29101 ||| Stepping ~*~*~tactically~*~*~ (stealth).
 29162 | Spider:3 | 29162 ||| Stepping ~*~*~tactically~*~*~ (hiding).
 29168 | Spider:3 | 29168 ||| INVOKING Heroism.
 29173 | Spider:3 | Reached XP level 18. HP: 114/114 MP: 22/25
 29200 | Spider:3 | 29200 ||| DROPPING +2 hand axe of flaming.
 29210 | Spider:3 | 29210 ||| Stepping ~*~*~tactically~*~*~ (stealth).
 29212 | Spider:3 | 29212 ||| Stepping ~*~*~tactically~*~*~ (stealth).
 29216 | Spider:3 | Noticed Louise
 29243 | Spider:3 | Killed Louise
 29265 | Spider:3 | 29265 ||| Stepping ~*~*~tactically~*~*~ (stealth).
 29266 | Spider:3 | 29266 ||| Stepping ~*~*~tactically~*~*~ (stealth).
 29270 | Spider:3 | 29270 ||| Stepping ~*~*~tactically~*~*~ (stealth).
 29274 | Spider:3 | 29274 ||| Stepping ~*~*~tactically~*~*~ (stealth).
 29275 | Spider:3 | 29275 ||| Stepping ~*~*~tactically~*~*~ (stealth).
 29276 | Spider:3 | 29276 ||| Stepping ~*~*~tactically~*~*~ (stealth).
 29278 | Spider:3 | 29278 ||| INVOKING Finesse.
 29302 | Spider:3 | 29302 ||| Stepping ~*~*~tactically~*~*~ (stealth).
 29313 | Spider:3 | 29313 ||| Stepping ~*~*~tactically~*~*~ (stealth).
 29332 | Spider:3 | 29332 ||| Stepping ~*~*~tactically~*~*~ (stealth).
 29334 | Spider:3 | 29334 ||| Stepping ~*~*~tactically~*~*~ (stealth).
 29371 | Spider:3 | 29371 ||| INVOKING Heroism.
 29384 | Spider:3 | 29384 ||| DRINKING 13 potions of curing.
 29384 | Spider:3 | 29384 ||| (to cure confusion)
 29395 | Spider:3 | 29395 ||| INVOKING Finesse.
 29420 | Spider:3 | 29420 ||| Stepping ~*~*~tactically~*~*~ (stealth).
 29437 | Spider:3 | 29437 ||| Stepping ~*~*~tactically~*~*~ (stealth).
 29514 | Spider:3 | 29514 ||| INVOKING Finesse.
 29727 | Spider:3 | 29727 ||| Stepping ~*~*~tactically~*~*~ (stealth).
 29729 | Spider:3 | 29729 ||| Stepping ~*~*~tactically~*~*~ (stealth).
 29774 | Spider:3 | Noticed Nikola
 29775 | Spider:3 | 29775 ||| INVOKING Heroism.
 29785 | Spider:3 | HP: 13/116 [Nikola/arc of chain lightning (27)]
 29786 | Spider:3 | 29786 ||| READING 3 scrolls of teleportation.
 29787 | Spider:3 | 29787 ||| DRINKING 8 potions of heal wounds.
 29803 | Spider:3 | 29803 ||| Stepping ~*~*~tactically~*~*~ (hiding).
 29808 | Spider:3 | 29808 ||| INVOKING Heroism.
 29811 | Spider:3 | 29811 ||| Stepping ~*~*~tactically~*~*~ (hiding).
 29815 | Spider:3 | HP: 5/116 [Nikola/arc of chain lightning (63)]
 29816 | Spider:3 | 29816 ||| READING 2 scrolls of teleportation.
 29817 | Spider:3 | 29817 ||| DRINKING 7 potions of heal wounds.
 29817 | Spider:3 | Killed from afar by Nikola

Levels and vault maps discovered:
D:1:      dpeg_arrival_brainrot, layout_basic, hangedman_glass_teeth,
          corexii_hall_statues_u
D:2:      layout_loops_cross, nicolae_ecumenical_snake_handling,
          minmay_lizard_king, uniq_jessica
D:3:      kennysheep_big_flooded_room, layout_loops_ring, reono_crystal_passage,
          uniq_grinder
D:4:      layout_basic, mainiacjoe_overflow_catwalk,
          mainiacjoe_overflow_alcove_4, minmay_temple_entry_enclosed_plants
D:5:      layout_basic, nicolae_dithmenos_shadow_blocks,
          kennysheep_generic_room_4
D:6:      layout_basic, mainiacjoe_overflow_surrounded_room,
          mainiacjoe_overflow_24_doors, ebering_ghost_inner_flame
D:7:      kennysheep_housing_project, layout_basic, good_gods_mini_temple,
          okawaru_ov_weapons_minmay, serial_shops, shop,
          nicolae_kite_square_tiling_tiny, minmay_misc_feat_pillars
D:8:      layout_layer_cave, enter_bailey_2, uniq_prince_ribbit1
D:9:      layout_long_grid, lemuel_zombie_altar_kikubaaqudgha
D:10:     layout_basic, vehumet_altar_wand_db, mainiacjoe_overflow_alcove_1,
          uniq_psyche, uniq_sonja
D:11:     layout_basic, lair_entry_dummy, david_orc_2, serial_shops, shop,
          uniq_harold
D:12:     minmay_octagon_keep, layout_cave_pools, gammafunk_ghost_arena,
          nicolae_shop_i_like_big_books, uniq_urug, uniq_jorgrun
D:13:     layout_basic, david_vaults_3, serial_bayou, serial_bayou_pond_c,
          serial_bayou_pond_d, serial_bayou_pond_d, serial_bayou_shore_b,
          serial_shops, shop, nzn_ghost_randoct, uniq_lodul
D:14:     layout_basic, special_room [special_room_bee], serial_shops,
          freezing_bzr, chequers_serial_rivers_room_b,
          nicolae_trove_entry_columns, minmay_hollow_rounded_squares
D:15:     gammafunk_enter_depths_forms, layout_rooms, elyvilon_altar_3,
          slow_altar_1
Temple:   nicolae_temple_bog_church
Lair:1:   gammafunk_cloud_chamber, layout_cave_pods,
          nicolae_volcano_entry_vermiform, lemuel_fruit_tree,
          grunt_megastairs_3, infiniplex_staircase_pool_2
Lair:2:   layout_chaotic_city, minmay_swamp_entry_worms, spider_nest_entry_webs
Lair:3:   layout_gridlike, gammafunk_ghost_split, uniq_nessos
Lair:4:   layout_loops_ring, basic_altar, beast_lair_carwin_2
Lair:5:   gammafunk_lair_ancient_temple, layout_cave_pods, slime_entry_1
Swamp:1:  cheibrodos_swamp_tower_of_moss, layout_basic_swamp,
          ebering_ghost_reflecting_pool, infiniplex_staircase_pool,
          nicolae_swamp_necromancer_hut
Swamp:2:  layout_falls_marsh, ebering_ghost_reflecting_pool,
          nicolae_swamp_feature_on_the_river_bank, swamp_pool2,
          hangedman_swamp_cone, nicolae_swamp_tree_designs
Swamp:3:  layout_basic_swamp, evilmike_swamp_ruin_house_3
Spider:1: layout_spider_delve, gammafunk_ghost_necromancy
Spider:2: cheibrodos_spider_silkery, drop_trap
Spider:3: layout_spider_delve, drop_trap, uniq_nikola, uniq_louise
Orc:1:    layout_caves, mines5_lemuel, uniq_erica, uniq_gastronok
Orc:2:    st_orc_open, layout_diamond_mine, uniq_azrael

Skill      XL: |  1  2  3  4  5  6  7  8  9 10 11 12 13 14 15 16 17 18 |
---------------+-------------------------------------------------------+-----
Axes           | 2 3 4 6 7 8 9 10 11 12 14 15 16 18 | 18.0
Fighting       | 4 5 6 7 8 10 12 13 14 | 14.0
Dodging        | 1 2 3 4 |  4.1
Throwing       | 1 2 3 5 7 |  7.0
Armour         | 4 5 6 7 8 9 10 11 12 13 | 13.0
Shields        | 7 10 13 14 15 16 17 | 17.9
Invocations    | 1 4 8 10 | 10.0

Action                     |  1- 3 |  4- 6 |  7- 9 | 10-12 | 13-15 | 16-18 || total
---------------------------+-------+-------+-------+-------+-------+-------++-------
  Melee: War axe           |   112 |   109 |   280 |   119 |       |       ||   620
         Broad axe         |       |       |       |   366 |   867 |  1086 ||  2319
         Hand axe          |       |       |       |     6 |    16 |    30 ||    52
  Throw: Boomerang         |       |     3 |    58 |    75 |   111 |    71 ||   318
         Javelin           |       |       |       |    71 |    56 |   140 ||   267
 Invoke: Heroism           |       |       |     4 |    25 |    33 |    33 ||    95
         Finesse           |       |       |       |       |     6 |     4 ||    10
    Use: Scroll            |     2 |     4 |    10 |    12 |     9 |     5 ||    42
         Potion            |     1 |       |     1 |     1 |       |     3 ||     6
   Stab: Petrifying        |       |       |       |       |     1 |       ||     1
 Armour: Scale mail        |    52 |       |       |       |       |       ||    52
         Chain mail        |    27 |    61 |   129 |       |       |       ||   217
         Plate armour      |       |       |    38 |   227 |   248 |   400 ||   913
  Dodge: Dodged            |    38 |    27 |    90 |    97 |   157 |   277 ||   686
  Block: Buckler           |    22 |    16 |    62 |       |       |       ||   100
         Kite shield       |       |       |    35 |    86 |       |       ||   121
         Tower shield      |       |       |       |   394 |   764 |  1096 ||  2254
         Reflection        |       |       |       |    14 |    20 |    14 ||    48

Table legend:
 A = Non-vault XP
 B = Vault XP
 C = Vault XP percentage of total XP
 D = Non-vault monster count
 E = Vault monster count
 F = Vault count percentage of total count
                 A         B        C        D         E       F
            +---------+---------+-------+---------+---------+-------
      Total |  184198 |   78868 |  30.0 |     702 |     261 |  27.1
            +---------+---------+-------+---------+---------+-------
        D:1 |      58 |       0 |   0.0 |      27 |       0 |   0.0
        D:2 |      50 |      76 |  60.3 |      14 |      15 |  51.7
        D:3 |      16 |     265 |  94.3 |       3 |       3 |  50.0
        D:4 |     288 |       0 |   0.0 |      25 |       0 |   0.0
        D:5 |     547 |       3 |   0.5 |      15 |       1 |   6.2
        D:6 |    1068 |       0 |   0.0 |      15 |       0 |   0.0
        D:7 |    1633 |     874 |  34.9 |      22 |      29 |  56.9
        D:8 |     749 |     277 |  27.0 |      38 |       1 |   2.6
        D:9 |    1947 |       5 |   0.3 |      15 |       3 |  16.7
       D:10 |    2575 |    1163 |  31.1 |      30 |       3 |   9.1
       D:11 |    3191 |     862 |  21.3 |      21 |       6 |  22.2
       D:12 |    6549 |    8549 |  56.6 |      32 |      15 |  31.9
       D:13 |    5474 |    6961 |  56.0 |      15 |      25 |  62.5
       D:14 |   13614 |   10076 |  42.5 |      22 |      40 |  64.5
       D:15 |   13602 |    4654 |  25.5 |      30 |       9 |  23.1
     Lair:1 |    5074 |    1592 |  23.9 |      21 |       5 |  19.2
     Lair:2 |    4168 |    1524 |  26.8 |      17 |       7 |  29.2
     Lair:3 |    5933 |     925 |  13.5 |      27 |       1 |   3.6
     Lair:4 |    8502 |    1487 |  14.9 |      31 |       4 |  11.4
     Lair:5 |   10986 |    6540 |  37.3 |      40 |      15 |  27.3
    Swamp:1 |   12562 |    4753 |  27.5 |      23 |       8 |  25.8
    Swamp:2 |   14687 |       0 |   0.0 |      25 |       0 |   0.0
    Swamp:3 |   12985 |       0 |   0.0 |      21 |       0 |   0.0
   Spider:1 |   11296 |       0 |   0.0 |      27 |       0 |   0.0
   Spider:2 |   18963 |    6873 |  26.6 |      50 |      14 |  21.9
   Spider:3 |   23042 |    1227 |   5.1 |      54 |       1 |   1.8
      Orc:1 |    1375 |    3594 |  72.3 |      17 |      12 |  41.4
      Orc:2 |    3264 |   16588 |  83.6 |      25 |      44 |  63.8
            +---------+---------+-------+---------+---------+-------
